 Dungeon Crawl Stone Soup version 0.31-a0-845-g9abc20d24f (webtiles) character file.

Game seed: 5852424920689345366

1261211 Rangedareforepussy the Merry Gargoyle (level 27, -4/276 HPs)
             Began as a Gargoyle Hunter on Sept 29, 2023.
             Was a High Priest of Okawaru.
             Killed by divine providence
             ... invoked by a royal mummy
              (10 damage)
             ... on level 1 of the Tomb of the Ancients on Oct 1, 2023.
             The game lasted 02:41:49 (91768 turns).

Rangedareforepussy the Merry Gargoyle (GrHu)       Turns: 91768, Time: 02:41:49

Health: -4/276     AC: 34    Str: 13      XL:     27
Magic:  27/31      EV:  2    Int: 19 (20) God:    Okawaru [*****.]
Gold:   11142      SH:  0    Dex: 38      Spells: 26/26 levels left

rFire   . . .        E - +8 storm bow {elec, penet}
rCold   + . .        (shield currently unavailable)
rNeg    + + .        r - melded +0 plate armour of the Chimera {rF++ Regen+ Str-2}
rPois   ∞            d - melded +2 helmet {SInv}
rElec   .            a - melded scarf of Baldness {rC+ rF+, rCorr Str+7}
rCorr   .            c - melded +0 pair of gloves of the Ditch-Digger {rF+ rC+ Dex+3 Stlth+}
SInv    .            L - melded +2 pair of boots of Raro {Rampage Dex+2}
Will    +++..        W - dreamdust necklace {Acrobat}
Stlth   ++++++++     y - ring "Oluhent" {rC+ Int+6 Dex+6}
HPRegen 0.66/turn    H - ring of Umuichastre {rN+ Dex+5}
MPRegen 0.22/turn

%: acrobat
@: tree-form, finesse-ful, hasted and slowed, studying 3 skills, unable to read
A: stationary, stasis, torment immunity, boosted hp, sickness immunity, AC +20,
(big wings), negative energy resistance 1, (electricity resistance), torment
resistance 1, petrification resistance, agile 1, low MP 1, strong-willed 1,
inability to read after injury 1
}: 14/15 runes: decaying, slimy, silver, iron, obsidian, icy, bone, abyssal,
demonic, glowing, magical, fiery, dark, gossamer
a: Renounce Religion, Heroism, Finesse, Duel


You were on level 1 of the Tomb of the Ancients.
You worshipped Okawaru.
Okawaru was extremely pleased with you.
You were a tree.
You visited 17 branches of the dungeon, and saw 84 of its levels.
You visited Pandemonium 2 times, and saw 10 of its levels.
You visited the Abyss 2 times.
You visited 1 ziggurat, and saw 12 of its levels.
You also visited: Trove, Sewer, Ice Cave and Wizlab.

You collected 17012 gold pieces.
You spent 5870 gold pieces at shops.

Inventory:

Hand Weapons
 w - the +13 sceptre of Asmodeus
   (You took it off Asmodeus on level 7 of Gehenna)

   Fire Summon: It may summon demons of flame and damnation when striking foes.
 A - the +7 Spriggan's Knife {stab, EV+4 Stlth+}
   (You found it on level 7 of Gehenna)

   Stab:      It is more effective when stabbing unaware enemies, sometimes
   treating them as though they were completely helpless.
   EV+4:      It affects your evasion (+4).
   Stlth+:    It makes you more stealthy.
 B - the +7 lajatang of Order {silver, rMut}
   (You took it off a deep elf annihilator on level 3 of the Elven Halls)

   rMut:      It protects you from mutation.
 E - the +8 storm bow (weapon) {elec, penet}
   (Okawaru gifted it to you on level 3 of the Lair of Beasts)
 F - the +8 trishula "Condemnation" {holy, anguish, *Noise Fly rN+}
   (You found it on level 5 of the Vaults)

   rN+:       It protects you from negative energy.
   Fly:       It grants you flight.
   *Noise:    It may make a loud noise when swung.
 I - the +27 heavy crossbow "Sniper" {heavy, Acc+∞ SInv}
   (You found it on level 4 of the Realm of Zot)

   Acc+∞: It never misses its target.
   SInv:      It lets you see invisible.
 X - a +9 sacred scourge of holy wrath
Missiles
 N - 5 throwing nets
 V - 35 curare-tipped darts
 Y - 40 silver javelins (quivered)
Armour
 a - the scarf of Baldness (melded) {rC+ rF+, rCorr Str+7}
   (Okawaru gifted it to you on level 3 of the Lair of Beasts)

   Str+7:     It affects your strength (+7).
   rCorr:     It protects you from acid and corrosion.
 c - the +0 pair of gloves of the Ditch-Digger (melded) {rF+ rC+ Dex+3 Stlth+}
   (You found it on level 2 of the Orcish Mines)

   Dex+3:     It affects your dexterity (+3).
   rF+:       It protects you from fire.
   rC+:       It protects you from cold.
   Stlth+:    It makes you more stealthy.
 d - a +2 helmet of see invisible (melded)
 r - the +0 plate armour of the Chimera (melded) {rF++ Regen+ Str-2}
   (You found it on level 7 of a ziggurat)

   Str-2:     It affects your strength (-2).
   rF++:      It greatly protects you from fire.
   Regen+:    It increases your rate of health regeneration.
 L - the +2 pair of boots of Raro (melded) {Rampage Dex+2}
   (You acquired it in Pandemonium)

   Dex+2:     It affects your dexterity (+2).
   Rampage:   It bestows one free step when moving towards enemies.
 Z - the +4 tower shield of the Elven Halls {Fly Str+2 Int+3}
   (You took it off a daeva in Pandemonium)

   Str+2:     It affects your strength (+2).
   Int+3:     It affects your intelligence (+3).
   Fly:       It grants you flight.
Jewellery
 b - the amulet of Halurakk {Reflect Rampage rPois Regen+ SH+5}
   (You found it on level 12 of a ziggurat)

   [amulet of reflection]

   Reflect:   It reflects blocked missile attacks.
   rPois:     It protects you from poison Regen+: It increases your rate of
   health regeneration.
   SH+5:      It affects your SH (+5).
   Rampage:   It bestows one free step when moving towards enemies.
 e - the ring "Batam" {rF+ Int+6 Dex+5}
   (You bought it in a shop on level 2 of the Orcish Mines)

   [ring of intelligence]

   Int+6:     It affects your intelligence (+6).
   Dex+5:     It affects your dexterity (+5).
   rF+:       It protects you from fire.
 n - the ring "Zamos" {Will+ rCorr MP+9}
   (You found it in a treasure trove)

   [ring of magical power]

   Will+:     It increases your willpower.
   MP+9:      It affects your magic capacity (+9).
   rCorr:     It protects you from acid and corrosion.
 y - the ring "Oluhent" (left branch) {rC+ Int+6 Dex+6}
   (You found it on level 4 of the Dungeon)

   [ring of intelligence]

   Int+6:     It affects your intelligence (+6).
   Dex+6:     It affects your dexterity (+6).
   rC+:       It protects you from cold.
 H - the ring of Umuichastre (right branch) {rN+ Dex+5}
   (You found it on level 3 of the Crypt)

   [ring of positive energy]

   Dex+5:     It affects your dexterity (+5).
   rN+:       It protects you from negative energy.
 J - the ring of Jaugugo {rN+ Str+2}
   (You found it on level 3 of the Crypt)

   [ring of positive energy]

   Str+2:     It affects your strength (+2).
   rN+:       It protects you from negative energy.
 R - the ring of Ovey {EV+5 Str+2}
   (You took it off an efreet on level 10 of the Dungeon)

   [ring of evasion]

   EV+5:      It affects your evasion (+5).
   Str+2:     It affects your strength (+2).
 W - the dreamdust necklace (around neck) {Acrobat}
   (You bought it in a shop on level 2 of the Orcish Mines)

   [amulet of the acrobat]

   Acrobat:   It increases your evasion while moving and waiting.
Wands
 f - a wand of acid (91)
 o - a wand of roots (69)
 s - a wand of mindburst (58)
 O - a wand of digging (12)
 U - a wand of flame (261)
Scrolls
 l - 6 scrolls of revelation
 p - 10 scrolls of fog
 u - 10 scrolls of poison
 v - 5 scrolls of vulnerability
 C - 7 scrolls of immolation
 G - a scroll of blinking
 K - 21 scrolls of teleportation
 M - 4 scrolls of torment
 P - 5 scrolls of fear
Potions
 g - 11 potions of lignification
 h - 7 potions of resistance
 k - 9 potions of magic
 m - 22 potions of might
 t - 8 potions of haste
 x - 10 potions of invisibility
 z - 16 potions of cancellation
 D - 10 potions of enlightenment
 Q - 11 potions of curing
 T - 12 potions of attraction
Miscellaneous
 j - a phial of floods
 q - a lightning rod (4/4)
 S - a condenser vane (inert)


   Skills:
 - Level 22.0 Fighting
 - Level 20.0 Maces & Flails
 + Level 11.7 Polearms
 O Level 27 Ranged Weapons
 - Level 22.0 Throwing
 O Level 27 Armour
 - Level 23.1 Dodging
 + Level 16.8 Stealth
 - Level 25.0 Shields
 - Level 16.3 Invocations
 - Level 14.0 Evocations


You had 26 spell levels left.
You didn't know any spells.
Your spell library contained the following spells:

 Spells                   Type           Power      Damage    Failure   Level
 Apportation              Tloc           0%         N/A       21%         1
 Freeze                   Ice            0%         1d3       21%         1
 Kiss of Death            Conj/Necr      0%         2d5       21%         1
 Magic Dart               Conj           0%         1d3       21%         1
 Necrotise                Necr           0%         1d4       21%         1
 Sandblast                Erth           0%         2d4       21%         1
 Shock                    Conj/Air       0%         1d3       21%         1
 Slow                     Hex            0%         N/A       21%         1
 Sting                    Tmut/Pois      0%         1d3       21%         1
 Blink                    Tloc           0%         N/A       30%         2
 Ensorcelled Hibernation  Hex/Ice        0%         N/A       30%         2
 Jinxbite                 Hex            0%         N/A       30%         2
 Lesser Beckoning         Tloc           0%         N/A       30%         2
 Momentum Strike          Conj/Tloc      0%         3d8       30%         2
 Passwall                 Tmut/Erth      0%         N/A       30%         2
 Poisonous Vapours        Pois/Air       0%         N/A       30%         2
 Scorch                   Fire           0%         2d5       30%         2
 Searing Ray              Conj           0%         2d4       30%         2
 Static Discharge         Conj/Air       0%         2-2/arc   30%         2
 Wereblood                Tmut           0%         N/A       30%         2
 Confusing Touch          Hex            0%         N/A       52%         3
 Dazzling Flash           Conj/Hex       0%         N/A       52%         3
 Frozen Ramparts          Ice            0%         1d1       52%         3
 Hailstorm                Conj/Ice       0%         3d3       52%         3
 Ignite Poison            Fire/Tmut/Pois 0%         N/A       52%         3
 Inner Flame              Hex/Fire       0%         N/A       52%         3
 Mephitic Cloud           Conj/Pois/Air  0%         N/A       52%         3
 Ozocubu's Armour         Ice            0%         N/A       52%         3
 Sigil of Binding         Hex            0%         N/A       52%         3
 Stone Arrow              Conj/Erth      0%         3d7       52%         3
 Swiftness                Air            0%         N/A       52%         3
 Vampiric Draining        Necr           0%         2d6       52%         3
 Volatile Blastmotes      Fire/Tloc      0%         2d10      52%         3
 Airstrike                Air            0%         2d(0-16)  90%         4
 Anguish                  Hex/Necr       0%         N/A       90%         4
 Brom's Barrelling Bould  Conj/Erth      0%         2d3       90%         4
 Dimensional Bullseye     Hex/Tloc       0%         N/A       90%         4
 Dispel Undead            Necr           0%         3d6       90%         4
 Flame Wave               Conj/Fire      0%         2d4       90%         4
 Fulminant Prism          Conj/Hex       0%         3d5       90%         4
 Iskenderun's Mystic Bla  Conj/Tloc      0%         2d3       90%         4
 Leda's Liquefaction      Hex/Erth       0%         N/A       90%         4
 Manifold Assault         Tloc           0%         N/A       90%         4
 Olgreb's Toxic Radiance  Pois           0%         N/A       90%         4
 Passage of Golubria      Tloc           0%         N/A       90%         4
 Petrify                  Tmut/Erth      0%         N/A       90%         4
 Vhi's Electric Charge    Tloc/Air       0%         N/A       90%         4
 Agony                    Necr           0%         N/A       99%         5
 Alistair's Intoxication  Tmut/Pois      0%         N/A       99%         5
 Arcjolt                  Conj/Air       0%         1d10      99%         5
 Borgnjor's Vile Clutch   Necr/Erth      0%         N/A       99%         5
 Fireball                 Conj/Fire      0%         3d3       99%         5
 Freezing Cloud           Conj/Ice/Air   0%         6-21      99%         5
 Irradiate                Conj/Tmut      0%         3d11      99%         5
 Iskenderun's Battlesphe  Conj           0%         2d6       99%         5
 Lee's Rapid Deconstruct  Erth           0%         3d4*      99%         5
 Metabolic Englaciation   Hex/Ice        0%         N/A       99%         5
 Silence                  Hex/Air        0%         N/A       99%         5
 Yara's Violent Unravell  Hex/Tmut       0%         3d3       99%         5
 Bombard                  Conj/Erth      0%         9d1       100%        6
 Conjure Ball Lightning   Conj/Air       0%         3x3d6     100%        6
 Dispersal                Tloc           0%         N/A       100%        6
 Eringya's Noxious Bog    Tmut/Pois      0%         4d6       100%        6
 Plasma Beam              Fire/Air       0%         2x1d10    100%        6
 Starburst                Conj/Fire      0%         6d3       100%        6
 Enfeeble                 Hex            0%         N/A       100%        7
 Orb of Destruction       Conj           0%         9d5       100%        7
 Ozocubu's Refrigeration  Ice            0%         4d7       100%        7
 Borgnjor's Revivificati  Necr           0%         N/A       100%        8
 Discord                  Hex            0%         N/A       100%        8
 Disjunction              Tloc           0%         N/A       100%        8
 Lehudib's Crystal Spear  Conj/Erth      0%         10d2      100%        8
 Maxwell's Capacitive Co  Air            0%         ∞         100%        8
 Death's Door             Necr           0%         N/A       100%        9
 Polar Vortex             Ice            0%         N/A       100%        9
 Summon Small Mammal      Summ           Unusable   N/A       N/A         1
 Cigotuvi's Dreadful Rot  Necr/Pois/Air  Unusable   N/A       N/A         2
 Call Canine Familiar     Summ           Unusable   N/A       N/A         3
 Summon Guardian Golem    Hex/Summ       Unusable   N/A       N/A         3
 Tukima's Dance           Hex            Unusable   N/A       N/A         3
 Animate Armour           Summ/Erth      Unusable   N/A       N/A         4
 Animate Dead             Necr           Unusable   N/A       N/A         4
 Summon Lightning Spire   Summ/Air       Unusable   N/A       N/A         4
 Summon Forest            Summ/Tloc      Unusable   N/A       N/A         5
 Death Channel            Necr           Unusable   N/A       N/A         6
 Simulacrum               Ice/Necr       Unusable   N/A       N/A         6
 Summon Cactus Giant      Summ           Unusable   N/A       N/A         6
 Haunt                    Necr/Summ      Unusable   N/A       N/A         7
 Spellforged Servitor     Conj/Summ      Unusable   N/A       N/A         7
 Summon Hydra             Summ           Unusable   N/A       N/A         7

Dungeon Overview and Level Annotations

Branches:
Dungeon (15/15)            Temple (0/1) D:7            Lair (5/5) D:8
  Swamp (4/4) Lair:2       Spider (4/4) Lair:2        Slime (5/5) Lair:4
    Orc (2/2) D:11            Elf (3/3) Orc:2        Vaults (5/5) D:14
  Crypt (3/3) Vaults:3       Tomb (1/3) Crypt:3      Depths (4/4) D:15
   Hell (visited)             Dis (7/7) Hell            Geh (7/7) Hell
    Coc (7/7) Hell            Tar (7/7) Hell            Zot (5/5) Depths:4
  Sewer (visited)           IceCv (visited)          WizLab (visited)

Altars:
Cheibriados
Dithmenos
Fedhas
Hepliaklqana
Kikubaaqudgha
Makhleb
Okawaru
Ru
Xom
Zin
The Shining One
Jiyva

Shops:
D:10 :   Orc:2 [*[?=   Elf:1 [=:   Elf:2 [   Vaults:1 ?   Vaults:4 (
Depths:2 **   Depths:4 !

Portals:
Hell: Lair:5 Depths:1 Depths:2 Depths:3 Depths:4
Abyss: Depths:1 Depths:2 Depths:3 Depths:4
Pandemonium: Depths:2 Depths:4

Annotations:
Lair:1 2 transporters
Elf:2 3 runed translucent doors
Vaults:4 4 runed translucent doors
Crypt:2 3 runed translucent doors, Yzeiphu's ghost, adept OpEE
Depths:1 2 transporters, Vorhees's ghost, veteran KoHu
Depths:3 3 runed translucent doors


Innate Abilities, Weirdness & Mutations

You are a tree.
Your roots penetrate the ground, keeping you stationary.
You cannot be teleported.
You are immune to unholy pain and torment.
Your maximum health is greatly increased.
Your equipment is partially melded.
You are immune to sickness and miasma.
((Your stone body is resilient. (AC +20)))
You are immune to poison.
((Your large and strong wings let you fly.))
You resist negative energy. (rN+)
((You are resistant to electric shocks. (rElec)))
You are resistant to unholy torment.
You are immune to petrification.
You are agile. (Dex +4, Str/Int -1)
Your magical capacity is low. (-10% MP)
You are strong-willed. (Will+)
You occasionally lose the ability to read scrolls when taking damage.


Message History

The death scarab is engulfed in freezing vapours.
The death scarab is engulfed in blazing flames.
The death scarab bites you.
* * * LOW HITPOINT WARNING * * *
The death scarab drains your vigour!
You feel as though you will be slow longer.
The death scarab bites you but does no damage.
The death scarab is engulfed in freezing vapours.
The death scarab bites you.
* * * LOW HITPOINT WARNING * * *
The death scarab is engulfed in freezing vapours. x2
The death scarab is engulfed in blazing flames.
The death scarab bites you but does no damage.
A royal mummy comes into view.
A royal mummy comes into view.
The death scarab is engulfed in freezing vapours.
The death scarab bites you!
Your necklace shatters, unleashing a wave of protective dreams!
You dream of life, and clouds.
The death scarab is engulfed in freezing vapours. x2
You hear a faint skittering sound.
Unknown command.
You take 9 damage, and have 1/276 hp.
Unknown command.
Unknown command.
You feel better.
The death scarab is engulfed in blazing flames.
The death scarab bites you but does no damage.
The death scarab is engulfed in freezing vapours. x2
The death scarab is engulfed in blazing flames.
The death scarab barely misses you.
The death scarab bites you but does no damage.
The death scarab is engulfed in freezing vapours. x2
The death scarab bites you.
* * * LOW HITPOINT WARNING * * *
The death scarab is engulfed in freezing vapours.
The death scarab is engulfed in blazing flames.
The royal mummy points at you and mumbles some strange words.
Something smites you!
You die...

,*,,*,,*,,8,,,,,8,,*,,*,,*,,,,*,,
**,,*,,*,....MM.,,,*,,*,,**++**,,
,*,,*,,*,.......,,,*,,*,,*,,,,*,,
,*,,*,,*,.8..§§§8,,*,,*,,*,,,^*,,
,*,,,,,*,....§§§,,,*,,,,,*,,^,*,,
,*,,^,,*,....§BM,,,*,,,,,*,,,,*,,
*********#..§§B.,**************,,
,,,,,,,,*##'§BBB##*,,,,,,,,,,,,,,
,,,,,,,,*#...BBB♣#*,,,,,,,,,,,,,,
******,,*#.8§§B8B#*^,,***********
,,,,^,,,*#...§§BB#*,,,,,,,,,^,,,,
,,,,,,,,*#....§§§#*,,,,,,,,,,,,,,
*********#.8...8.#*************,,
,,,,,,,,*#.......#*,,,,,,,,,,,,,,
,,,,,,,,*#.......#*,,,^,^,,,,,,,,
******,,*#.8...8.#*,,************
,,,,,,,,*#.......#*,,,,,,,,,,,,,,


You could see 3 royal mummies and 12 death scarabs.

Vanquished Creatures
  Cerebov (Pan)
  Asmodeus (Geh:7)
  Antaeus (Coc:7)
  the Royal Jelly (Slime:5)
  Ignacio (Pan)
  Dissolution (Slime:4)
  Gloorx Vloq (Pan)
  Ereshkigal (Tar:7)
  A seraph (Pan)
  Mnoleg (Pan)
  the Serpent of Hell (Geh:7)
  Lom Lobon (Pan)
  7 dread liches
  Dispater (Dis:7)
  2 orbs of fire (Zot:5)
  5 ancient liches
  3 juggernauts
  15 shard shrikes
  10 Killer Klowns
  The ghost of Juzit the Bludgeoner, a legendary GnFi of Cheibriados (Zot:4)
  Xtahua (Vaults:5)
  Margery (Vaults:3)
  Geryon (Hell)
  21 golden dragons
  3 pandemonium lords
  7 profane servitors
  12 caustic shrikes
  Norris (Depths:1)
  the Enchantress (Depths:1)
  The ghost of Wuemn the Axe Maniac, an adept MiFi of Makhleb (Vaults:1)
  2 pearl dragons (Pan)
  Arachne (Spider:2)
  13 bone dragons
  Nikola (Swamp:1)
  11 Tzitzimimeh
  9 doom hounds
  5 electric golems
  15 Brimstone Fiends
  14 iron giants
  6 hellephants
  21 tentacled monstrosities
  Rupert (D:14)
  A walking crystal tome (Depths:3)
  Zenata (Elf:3)
  A walking earthen tome (Depths:2)
  21 Ice Fiends
  24 Orb Guardians (Zot:5)
  Asterion (Vaults:3)
  A walking divine tome (Depths:3)
  15 quicksilver dragons
  23 titans
  4 deep elf master archers (Elf:3)
  21 tainted leviathans
  21 Hell Sentinels
  3 deep elf blademasters (Elf:3)
  4 liches
  A walking frostbound tome (Depths:2)
  Frances (Swamp:1)
  11 death cobs
  A tentacled starspawn (Abyss:3)
  10 sphinxes
  14 searing wretches
  22 acid blobs
  An eldritch tentacle (Pan)
  Murray (Depths:2)
  46 ancient champions
  13 Executioners
  Kirke (D:14)
  Gastronok (Orc:1)
  12 draconian monks
  3 revenants
  Aizul (Vaults:1)
  12 tengu reavers
  20 shadow dragons
  23 storm dragons
  18 daevas (Pan)
  26 azure jellies
  11 quicksilver elementals
  8 demonspawn warmongers
  7 rockslimes (Slime:5)
  A fenstrider witch (Swamp:1)
  22 fire giants
  28 narguns
  10 iron dragons
  3 draconian knights
  5 emperor scorpions
  7 draconian scorchers
  23 frost giants
  4 deep elf sorcerers
  11 vault wardens
  40 balrugs
  12 ghost moths
  Louise (Spider:2)
  6 curse skulls
  3 spectral juggernauts
  4 deep elf elementalists (Elf:3)
  A caustic shrike zombie (Depths:1)
  18 cacodemons
  A spectral caustic shrike (Tar:5)
  9 reapers
  24 angels (Pan)
  4 draconian shifters
  6 shard shrike simulacra
  2 orc warlords (Orc:2)
  2 demonspawn blood saints
  The ghost of Zenatt the Brawler, a journeyman TrFi of Ashenzari (Lair:4)
  17 draconian annihilators
  34 stone giants
  37 war gargoyles
  7 draconian stormcallers
  6 ghouls
  5 spriggan defenders
  8 ironbound thunderhulks
  8 quicksilver oozes
  4 broodmothers
  19 ironbound preservers
  A demonspawn corrupter (Pan)
  3 juggernaut skeletons
  The ghost of Ciotsan the Gelid, an adept FeIE of Vehumet (Vaults:4)
  7 formless jellyfish
  41 very ugly things
  A caustic shrike skeleton (Depths:3)
  12 ophanim (Pan)
  12 vampire knights
  12 green draconians
  6 deep elf demonologists
  4 spectral titans
  22 red draconians
  12 black draconians
  3 demonspawn black suns
  7 eleionomae
  21 elemental wellsprings
  21 apis (Pan)
  6 bunyips
  15 wendigos
  15 putrid mouths
  19 purple draconians
  A bunyip (shapeshifter) (Depths:2)
  9 deep elf annihilators
  4 lorocyprocas
  9 dire elephants
  24 spark wasps
  13 yellow draconians
  Azrael (Elf:1)
  11 white draconians
  A crystal guardian (Vaults:3)
  8 blizzard demons
  7 deep elf death magi
  10 ettins
  46 iron golems
  2 spectral quicksilver dragons
  14 green deaths (Pan)
  A merfolk javelineer (Depths:2)
  5 eidola
  The ghost of WhatIsLove the Eclecticist, a journeyman DjFE of Makhleb (Orc:2)
  17 fire dragons
  12 entropy weavers
  10 jiangshi
  A mummy priest (Tomb:1)
  A kraken zombie (Hell)
  A shambling mangrove (Swamp:2)
  10 yaktaur captains
  6 deep elf high priests
  16 great orbs of eyes
  3 hell beasts
  2 quicksilver dragon skeletons
  Josephine (D:14)
  Harold (D:9)
  15 ice dragons
  4 spriggan zombies
  5 rakshasas
  3 spectral spriggans
  Erolcha (D:9)
  27 vault guards
  A peacekeeper (Vaults:3)
  10 salamander tyrants
  9 centaur warriors
  A catoblepas (Lair:1)
  9 caustic shrike simulacra
  4 juggernaut simulacra
  5 jorogumos (Spider:3)
  30 hydras
  An ogre mage (Vaults:5)
  3 ghost crabs
  11 spriggan air magi
  7 alligators
  6 radroaches
  A merfolk avatar (Zig:7)
  3 spriggan skeletons
  The ghost of KineticRobot the Protected, a novice MiFi of Lugonu (D:10)
  5 ironbound frosthearts
  15 dancing weapons
  2 death knights (Crypt:1)
  22 hell hogs
  A spectral stone giant (Tar:2)
  A death yak (Lair:5)
  5 stokers
  8 deep troll shamans
  5 boulder beetles
  3 thrashing horrors
  6 deep troll earth magi
  3 tengu warriors
  20 death scarabs (Tomb:1)
  11 vampire magi
  A spectral dire elephant (Tar:3)
  25 hell knights
  5 orc high priests
  21 demonic crawlers
  11 spriggan berserkers
  54 sun demons
  The ghost of Xavier147 the Geomancer, a novice HuEE of Hepliaklqana (D:10)
  Urug (Lair:2)
  3 titan zombies
  Nergalle (Lair:1)
  15 soul eaters
  The ghost of heinrich the Arsonist, a novice DsFE of Vehumet (D:10)
  4 deep elf knights
  A titan skeleton (Crypt:2)
  7 crystal echidnas
  2 spark wasp zombies (Depths:1)
  A fire crab (shapeshifter) (Abyss:3)
  19 shadow wraiths
  21 spriggans
  A storm dragon zombie (Crypt:1)
  A spectral bunyip (Tar:2)
  7 skysharks
  13 cherubim (Pan)
  7 iron trolls
  4 wretched stars
  69 skeletal warriors
  22 sixfirhies
  11 pharaoh ants
  5 sun moths (Spider:2)
  4 spectral anacondas
  A spatial maelstrom (Abyss:3)
  5 goliath frogs
  62 deep trolls
  6 glowing orange brains
  A bunyip zombie (Crypt:2)
  7 shadow demons
  6 quicksilver dragon simulacra
  4 death drakes
  11 flayed ghosts
  A goliath frog (shapeshifter) (Vaults:5)
  2 storm dragon skeletons
  7 spriggan druids
  2 anaconda zombies
  10 deep elf archers
  2 orange crystal statues (Abyss:3)
  13 phantasmal warriors
  11 bog bodies
  4 harpies
  An anaconda skeleton (Hell)
  17 swamp dragons
  A bunyip skeleton (Pan)
  11 orb spiders
  3 orc knights
  An iron giant skeleton (Crypt:3)
  A spectral hydra (Tar:3)
  Pikel (D:9)
  15 steelbarb worms
  12 necromancers
  A fenstrider witch simulacrum (Coc:2)
  14 ironbound convokers
  12 lindwurms
  12 wizards
  20 deep elf zephyrmancers
  26 wolf spiders
  A frost giant zombie (Depths:1)
  3 orc sorcerers
  40 ugly things
  14 deep elf pyromancers
  A fire giant zombie (Depths:1)
  6 shining eyes
  2 shadow dragon skeletons (Pan)
  An iron dragon skeleton (Pan)
  5 will-o-the-wisps
  4 oklob plants
  7 cyclopes
  A stone giant zombie (Crypt:1)
  11 manticores
  24 moths of wrath
  5 rust devils
  2 stone giant skeletons
  8 elephants
  A naga zombie (Abyss:3)
  2 centaur zombies
  A salamander (D:15)
  14 vault sentinels
  A merfolk siren (Zig:7)
  A draconian skeleton (Pan)
  A black mamba (Lair:4)
  7 ice statues
  11 molten gargoyles
  2 water nymphs (Zig:7)
  A catoblepas zombie (Crypt:1)
  4 titan simulacra
  6 cane toads
  42 smoke demons
  3 apocalypse crabs
  An unseen horror (Abyss:3)
  7 gargoyles
  A yellow draconian zombie (Crypt:2)
  5 eyes of devastation
  A water nymph (shapeshifter) (Vaults:5)
  20 orange demons
  An elephant slug zombie (Crypt:2)
  18 hellions
  7 torpor snails
  A black draconian zombie (Crypt:1)
  A cane toad (shapeshifter) (Vaults:5)
  10 rime drakes
  33 yaktaurs
  A naga skeleton (Crypt:3)
  11 efreet
  15 komodo dragons
  15 tormentors
  6 ancient zymes
  19 freezing wraiths
  A kobold demonologist (D:12)
  5 tengu conjurers
  5 guardian mummies
  11 ice devils
  4 spectral deep trolls (Crypt:2)
  A minotaur skeleton (Pan)
  A purple draconian skeleton (Crypt:2)
  A silent spectre (Tar:6)
  A black draconian skeleton (Crypt:2)
  4 spectral harpies
  An iron giant simulacrum (Coc:7)
  2 anaconda simulacra
  3 hydra zombies
  7 red devils
  10 trolls
  4 meliai
  A tengu simulacrum (Depths:3)
  4 bloated husks
  12 merfolk (Zig:7)
  21 hellwings (Pan)
  9 tyrant leeches
  19 blink frogs
  Grinder (Sewer)
  3 polar bears
  19 hornets
  2 raiju
  A blink frog (shapeshifter) (Vaults:5)
  Prince Ribbit (Lair:3)
  3 hydra skeletons
  A snapping turtle (Zig:7)
  36 tarantellas
  An iron dragon simulacrum (Coc:4)
  4 harpy skeletons
  6 dream sheep
  65 slime creatures
  53 jumping spiders
  A spectral black mamba (Tar:1)
  4 flying skulls (Tomb:1)
  21 culicivoras
  A fire dragon skeleton (Crypt:3)
  2 air elementals
  5 shadows
  3 wyverns
  7 vampires
  19 ynoxinuls
  Sigmund (D:2)
  3 dire elephant simulacra
  An ettin skeleton (Pan)
  13 water elementals
  16 wraiths
  A black mamba skeleton (Pan)
  An ushabti (Tomb:1)
  4 hogs (D:14)
  A merfolk skeleton (Pan)
  5 fire elementals
  7 golden eyes
  16 starcursed masses
  50 yaks
  2 humans (D:14)
  4 vampire mosquitoes
  2 alligator snapping turtle simulacra (Coc:2)
  8 basilisks
  5 steam dragons
  A wind drake skeleton (Crypt:1)
  2 death yak simulacra (IceCv)
  34 neqoxecs
  A redback (shapeshifter) (Vaults:5)
  11 chaos spawn
  69 redbacks
  17 harpy simulacra
  A sea snake simulacrum (Hell)
  5 spatial vortices (Abyss:3)
  10 wargs
  17 swamp worms
  3 two-headed ogre zombies (WizLab)
  3 acid dragons
  A glowing shapeshifter zombie (Depths:3)
  Duvessa (D:7)
  18 water moccasins
  4 floating eyes
  A naga (shapeshifter) (Vaults:5)
  9 hydra simulacra
  23 large abominations
  10 hell hounds
  6 swamp drakes
  A black bear (D:6)
  2 ettin simulacra (Coc:6)
  30 orc warriors
  2 ice beasts
  4 sky beasts
  3 centaurs
  A black mamba simulacrum (Lair:4)
  13 ogres
  11 small abominations
  8 wolves
  A dream sheep zombie (Crypt:2)
  A phantom (D:7)
  6 kobold brigands
  7 necrophages
  12 bullfrogs
  6 gnoll sergeants
  2 two-headed ogre simulacra (IceCv)
  4 scorpions
  A cane toad simulacrum (IceCv)
  An earth elemental (Elf:3)
  A scorpion (shapeshifter) (Vaults:4)
  17 wights
  Dowan (D:7)
  6 killer bees (D:6)
  An elephant simulacrum (IceCv)
  6 troll zombies (WizLab)
  An oklob sapling (D:12)
  A dream sheep simulacrum (Lair:4)
  3 electric eels
  5 howler monkeys
  A yak skeleton (Crypt:1)
  A black bear zombie (Crypt:2)
  3 jellies
  3 quasits
  A human zombie (D:4)
  28 orc priests
  2 hounds
  4 centaur skeletons
  6 iguanas
  22 orc wizards
  A sleepcap (D:6)
  A black bear skeleton (Crypt:1)
  A hell rat (Depths:3)
  A scorpion zombie (D:4)
  6 spriggan simulacra
  A polar bear simulacrum (Lair:2)
  A wolf simulacrum (IceCv)
  2 troll simulacra (IceCv)
  An ice beast zombie (Crypt:1)
  An ogre zombie (WizLab)
  A hound zombie (D:4)
  13 mummies
  Robin (D:4)
  24 gnolls
  14 adders
  3 naga simulacra
  11 shadow imps
  5 white imps
  13 ufetubi
  An adder zombie (D:4)
  3 worms
  A dart slug (D:3)
  72 orcs
  7 bats
  8 endoplasms
  12 giant cockroaches
  14 goblins
  6 hobgoblins
  A jackal (D:12)
  28 kobolds
  3 quokkas
  20 ball pythons
  2 frilled lizards
  7 rats
  2 creeping infernos
  32 fire vortices
  2 lurking horrors
  2 starspawn tentacles (Abyss:3)
4127 creatures vanquished.

Vanquished Creatures (others)
  An Orb Guardian (Zot:5)
  A vault warden (Vaults:5)
  An ironbound preserver (Vaults:5)
  2 ghost moths (Zig:12)
  A red draconian (Zot:1)
  A wendigo (Coc:7)
  A vault guard (Vaults:5)
  A rakshasa (Vaults:1)
  A caustic shrike simulacrum (Coc:7)
  A stoker (Geh:7)
  A goliath frog (Zig:8)
  A sixfirhy (Pan)
  An ironbound convoker (Vaults:1)
  2 wizards (Vaults:1)
  A lindwurm (Vaults:1)
  2 necromancers
  2 smoke demons (Pan)
  A vault sentinel (Vaults:1)
  A titan simulacrum (Coc:6)
  An unseen horror (shapeshifter) (Elf:2)
  An anaconda simulacrum (Coc:2)
  A bloated husk (Swamp:2)
  3 hellwings (Pan)
  2 jumping spiders
  A slime creature (Vaults:1)
  A water elemental (Coc:7)
  3 harpy simulacra
  A hydra simulacrum (Coc:7)
  2 boggarts (Vaults:1)
  A jelly (D:7)
  An iguana (D:7)
  A kobold zombie (Sewer)
  2 creeping infernos
  2 fire vortices (Pan)
  16 foxfires
  A lurking horror (Abyss:3)
  A starspawn tentacle (Abyss:3)
64 creatures vanquished.

Grand Total: 4191 creatures vanquished

Notes
Turn   | Place    | Note
-------+----------+-------------------------------------------
     0 | D:1      | Rangedareforepussy the Gargoyle Hunter began the quest for
                  | the Orb.
     0 | D:1      | Reached XP level 1. HP: 12/12 MP: 1/1
   364 | D:1      | Reached XP level 2. HP: 16/18 MP: 2/2
   573 | D:1      | Reached XP level 3. HP: 11/22 MP: 3/3
   824 | D:2      | Noticed Sigmund
  1550 | D:2      | Reached XP level 4. HP: 28/28 MP: 4/4
  1971 | D:3      | Found a faded altar of an unknown god.
  2139 | D:3      | Reached skill level 5 in Ranged Weapons
  2852 | D:4      | Upgraded the game from 0.31-a0-844-gdc52ec4e09 to
                  | 0.31-a0-845-g9abc20d24f
  3025 | D:4      | Reached skill level 1 in Armour
  3025 | D:4      | Reached XP level 5. HP: 25/32 MP: 5/5
  3411 | D:4      | Noticed Robin
  3533 | D:4      | Killed Robin
  3895 | D:4      | Identified the ring "Oluhent" {rC+ Int+6 Dex+6}
  3980 | D:4      | Reached XP level 6. HP: 24/38 MP: 6/6
  4289 | D:4      | Reached XP level 7. HP: 23/44 MP: 7/7
  4534 | D:4      | Found an ancient bone altar of Kikubaaqudgha.
  5017 | D:5      | Entered Level 5 of the Dungeon
  5124 | D:5      | Reached skill level 5 in Fighting
  5210 | D:5      | Reached XP level 8. HP: 39/49 MP: 8/8
  5364 | D:5      | Reached skill level 5 in Stealth
  5428 | D:5      | Identified the +1 robe of the Stars {Rampage Will+ Slay-4}
  5744 | D:5      | Found an iron altar of Okawaru.
  5790 | D:5      | Became a worshipper of Warmaster Okawaru
  5827 | D:6      | Found a hazy altar of Hepliaklqana.
  5892 | D:6      | Identified 2 scrolls of acquirement
  5899 | D:6      | Acquired a manual of Ranged Weapons
  5901 | D:6      | Acquired the +0 pair of gloves of the Evening {rN+ Stlth+}
  6093 | D:6      | Found a glowing drain.
  6097 | Sewer    | Entered a sewer
  6116 | Sewer    | Reached XP level 9. HP: 53/56 MP: 9/9
  6221 | Sewer    | Reached skill level 10 in Ranged Weapons
  6313 | Sewer    | Reached * piety under Okawaru
  6320 | Sewer    | Found a burning altar of Makhleb.
  6399 | Sewer    | Noticed Grinder
  6410 | Sewer    | Killed Grinder
  6653 | D:6      | Found a shadowy altar of Dithmenos.
  7236 | D:7      | Found a staircase to the Ecumenical Temple.
  7328 | D:7      | Found a snail-covered altar of Cheibriados.
  7339 | D:7      | Reached ** piety under Okawaru
  7494 | D:7      | Found a shimmering altar of Xom.
  7671 | D:7      | Reached XP level 10. HP: 64/64 MP: 10/10
  7813 | D:7      | Noticed Duvessa
  7813 | D:7      | Noticed Dowan
  7817 | D:7      | Killed Duvessa
  7821 | D:7      | Killed Dowan
  7989 | D:8      | Acquired a +6 arbalest of electrocution
  8052 | D:8      | Reached skill level 15 in Ranged Weapons
  8111 | D:8      | Found a glowing silver altar of Zin.
  8285 | D:8      | Noticed a centaur warrior
  8295 | D:8      | Killed a centaur warrior
  8295 | D:8      | Reached *** piety under Okawaru
  8495 | D:8      | Found a staircase to the Lair.
  8681 | D:8      | You fall into a shaft and drop 2 floors!
  8681 | D:10     | Entered Level 10 of the Dungeon
  8872 | D:10     | Found Gaojiheo's Book Emporium.
  9185 | D:10     | Noticed a centaur warrior
  9197 | D:10     | Killed a centaur warrior
  9215 | D:10     | Reached **** piety under Okawaru
  9222 | D:10     | Identified the ring of Ovey {EV+5 Str+2}
  9244 | D:10     | Reached XP level 11. HP: 33/68 MP: 11/11
  9444 | D:10     | Identified the +10 great mace of the Enchanted Forest
                  | {vamp, MP+9 SInv}
  9500 | D:10     | Found a portal to a secret trove of treasure.
  9734 | D:10     | Found a runed translucent gate.
  9734 | D:10     | Found a runed translucent gate.
  9734 | D:10     | Found a runed translucent gate.
  9738 | D:10     | Noticed KineticRobot's ghost (novice MiFi)
  9738 | D:10     | Noticed heinrich's ghost (novice DsFE)
  9739 | D:10     | Noticed Xavier147's ghost (novice HuEE)
 10117 | D:11     | Noticed a manticore
 10162 | D:9      | Noticed Erolcha
 10169 | D:9      | Killed Erolcha
 10248 | D:9      | Found a glowing golden altar of the Shining One.
 10383 | D:9      | Noticed Pikel
 10389 | D:9      | Noticed Harold
 10394 | D:9      | Killed Pikel
 10404 | D:9      | Killed Harold
 10404 | D:9      | Reached ***** piety under Okawaru
 11136 | Lair:1   | Entered Level 1 of the Lair of Beasts
 11509 | Lair:1   | Reached XP level 12. HP: 70/73 MP: 12/12
 11509 | Lair:1   | Received a gift from Okawaru
 11723 | Lair:1   | Identified the +1 pair of boots of Suc Omaw {-Tele rN+
                  | Str-3 Int+6}
 11765 | Lair:1   | Found a transporter.
 11792 | Lair:1   | Found a transporter.
 11946 | Lair:1   | Noticed Nergalle
 11946 | Lair:1   | Noticed a catoblepas
 11960 | Lair:1   | Killed Nergalle
 11970 | Lair:1   | Killed a catoblepas
 12127 | Lair:2   | Noticed Urug
 12131 | Lair:2   | Killed Urug
 12131 | Lair:2   | Received a gift from Okawaru
 12227 | Lair:2   | Found a staircase to the Swamp.
 12227 | Lair:2   | Identified the +0 leather armour of Ureumidd {Fly rPois}
 12268 | Lair:2   | Found a frozen archway.
 12319 | IceCv    | Entered an ice cave
 12948 | IceCv    | Reached skill level 10 in Fighting
 12972 | IceCv    | Noticed a reaper
 12983 | IceCv    | Killed a reaper
 12983 | IceCv    | Received a gift from Okawaru
 12984 | IceCv    | Reached XP level 13. HP: 82/82 MP: 10/13
 13692 | Lair:2   | Found a hole to the Spider Nest.
 15501 | Lair:3   | Reached ****** piety under Okawaru
 15502 | Lair:3   | Acquired the +8 storm bow {elec, penet}
 15502 | Lair:3   | Received a gift from Okawaru
 15502 | Lair:3   | Found the +8 storm bow {elec, penet}
 15503 | Lair:3   | Acquired the scarf of Baldness {rC+ rF+, rCorr Str+7}
 15503 | Lair:3   | Received a gift from Okawaru
 15568 | Lair:3   | Noticed Prince Ribbit
 15577 | Lair:3   | Killed Prince Ribbit
 15578 | Lair:3   | Reached skill level 5 in Armour
 15852 | Lair:4   | Received a gift from Okawaru
 16029 | Lair:4   | Reached skill level 5 in Dodging
 16195 | Lair:4   | Noticed an ice dragon
 16205 | Lair:4   | Found a runed translucent gate.
 16205 | Lair:4   | Found a runed translucent gate.
 16205 | Lair:4   | Found a runed translucent gate.
 16346 | Lair:4   | Found a staircase to the Slime Pits.
 16346 | Lair:4   | Found a viscous altar of Jiyva.
 16656 | Lair:4   | Noticed Zenatt's ghost (journeyman TrFi)
 16710 | Lair:5   | Entered Level 5 of the Lair of Beasts
 16914 | Lair:5   | Gained mutation: Your large and strong wings let you fly.
                  | [Gargoyle growth]
 16914 | Lair:5   | Reached XP level 14. HP: 88/88 MP: 14/14
 16939 | Lair:5   | Received a gift from Okawaru
 17110 | Lair:5   | Found a burning altar of Makhleb.
 17520 | Lair:5   | Found a burning altar of Makhleb.
 17528 | Lair:5   | Received a gift from Okawaru
 17535 | Lair:5   | Reached skill level 1 in Invocations
 17543 | Lair:5   | Found a gateway to Hell.
 18217 | D:11     | Found a staircase to the Orcish Mines.
 18260 | Orc:1    | Entered Level 1 of the Orcish Mines
 18333 | Orc:1    | Reached skill level 5 in Invocations
 18346 | Orc:1    | Received a gift from Okawaru
 18410 | Orc:1    | Noticed Gastronok
 18420 | Orc:1    | Killed Gastronok
 18750 | Orc:2    | Entered Level 2 of the Orcish Mines
 18784 | Orc:2    | Noticed an orc warlord
 18800 | Orc:2    | Killed an orc warlord
 18817 | Orc:2    | Noticed an orc warlord
 18828 | Orc:2    | Killed an orc warlord
 18836 | Orc:2    | Received a gift from Okawaru
 18977 | Orc:2    | Found Xabryi's Jewellery Emporium.
 18981 | Orc:2    | Bought the ring "Batam" {rF+ Int+6 Dex+5} for 847 gold
                  | pieces
 18998 | Orc:2    | Found a runed translucent door.
 19019 | Orc:2    | Noticed WhatIsLove's ghost (journeyman DjFE)
 19037 | Orc:2    | Killed WhatIsLove's ghost
 19039 | Orc:2    | Identified the +0 pair of gloves of the Ditch-Digger {rF+
                  | rC+ Dex+3 Stlth+}
 19132 | Orc:2    | Reached XP level 15. HP: 92/92 MP: 21/21
 19179 | Orc:2    | Found a staircase to the Elven Halls.
 19234 | Orc:2    | Reached skill level 10 in Invocations
 19460 | Orc:2    | Found Genuxiapt's Magic Scroll Boutique.
 19462 | Orc:2    | Found Got Uhya's Armour Boutique.
 19463 | Orc:2    | Found Hahoczur's Antique Armour Shop.
 19467 | Orc:2    | Found Dite's Assorted Antiques.
 19470 | Orc:2    | Bought a scroll of identify for 24 gold pieces
 19470 | Orc:2    | Bought a scroll of identify for 24 gold pieces
 19473 | Orc:2    | Bought a phial of floods for 1200 gold pieces
 19763 | D:11     | Received a gift from Okawaru
 19822 | D:11     | Found a sacrificial altar of Ru.
 20592 | D:12     | Got a fusty book
 21013 | Orc:2    | Bought a scroll of enchant armour for 90 gold pieces
 21376 | D:13     | Reached skill level 1 in Throwing
 21541 | D:13     | Found a blossoming altar of Fedhas.
 21666 | D:14     | Received a gift from Okawaru
 21706 | D:14     | Noticed Josephine
 21711 | D:14     | Killed Josephine
 21938 | D:14     | Found a gate to the Vaults.
 22024 | D:14     | Noticed Kirke
 22036 | D:14     | Killed Kirke
 22036 | D:14     | Received a gift from Okawaru
 22068 | D:14     | Noticed Rupert
 22092 | D:14     | Killed Rupert
 22422 | D:15     | Entered Level 15 of the Dungeon
 22431 | D:15     | Reached skill level 5 in Throwing
 22431 | D:15     | Reached skill level 10 in Armour
 22462 | D:15     | Reached XP level 16. HP: 79/99 MP: 18/25
 22634 | D:15     | Found a staircase to the Depths.
 22692 | D:15     | Received a gift from Okawaru
 23537 | Swamp:1  | Entered Level 1 of the Swamp
 23733 | Swamp:1  | Noticed a fenstrider witch
 23740 | Swamp:1  | Killed a fenstrider witch
 23797 | Swamp:1  | Noticed Frances
 23808 | Swamp:1  | Killed Frances
 24157 | Swamp:1  | Noticed Nikola
 24400 | Swamp:1  | Received a gift from Okawaru
 24578 | Swamp:2  | Noticed a tentacled monstrosity
 24586 | Swamp:2  | Killed a tentacled monstrosity
 25291 | Swamp:2  | Received a gift from Okawaru
 25423 | Swamp:3  | Reached XP level 17. HP: 106/106 MP: 26/26
 25444 | Swamp:3  | Reached skill level 10 in Throwing
 25793 | Swamp:4  | Entered Level 4 of the Swamp
 25799 | Swamp:4  | Reached XP level 18. HP: 112/112 MP: 27/27
 25823 | Swamp:4  | Received a gift from Okawaru
 26392 | Swamp:4  | Received a gift from Okawaru
 26428 | Swamp:4  | Got a decaying rune of Zot
 26817 | Spider:1 | Entered Level 1 of the Spider Nest
 27228 | Spider:1 | Received a gift from Okawaru
 28084 | Spider:2 | Received a gift from Okawaru
 28303 | Spider:2 | Reached XP level 19. HP: 112/121 MP: 1/28
 28528 | Spider:2 | Noticed Arachne
 28557 | Spider:2 | Killed Arachne
 28623 | Spider:2 | Noticed Louise
 28626 | Spider:2 | Killed Louise
 28772 | Spider:2 | Received a gift from Okawaru
 28794 | Spider:2 | Identified the +7 whip "Wuoxihem" {flame, Str+2}
 29585 | Spider:3 | Received a gift from Okawaru
 30499 | Spider:4 | Entered Level 4 of the Spider Nest
 30502 | Spider:4 | Reached skill level 15 in Fighting
 30580 | Spider:4 | Received a gift from Okawaru
 31186 | Spider:4 | Received a gift from Okawaru
 31285 | Spider:4 | Reached skill level 10 in Dodging
 31524 | Spider:4 | Reached XP level 20. HP: 129/129 MP: 29/29
 31842 | Spider:4 | Got a gossamer rune of Zot
 32138 | Vaults:1 | Entered Level 1 of the Vaults
 32164 | Vaults:1 | Received a gift from Okawaru
 32290 | Vaults:1 | Found Siujikh's Magic Scroll Shoppe.
 32312 | Vaults:1 | Bought a scroll of fear for 52 gold pieces
 32540 | Vaults:1 | Found a runed translucent gate.
 32541 | Vaults:1 | Found a runed translucent gate.
 32557 | Vaults:1 | Noticed Wuemn's ghost (adept MiFi)
 32625 | Vaults:1 | Reached skill level 15 in Throwing
 32752 | Vaults:1 | Received a gift from Okawaru
 32985 | Vaults:1 | Noticed Aizul
 32994 | Vaults:1 | Killed Aizul
 33206 | Vaults:1 | Found a runed translucent gate.
 33631 | Vaults:2 | Found a magical portal.
 33640 | WizLab   | Entered Zonguldrok's Shrine
 33762 | WizLab   | Received a gift from Okawaru
 33812 | WizLab   | Reached skill level 1 in Maces & Flails
 33984 | WizLab   | Noticed an antique lich
 34019 | WizLab   | Found the +9 sword of Zonguldrok {reap}
 34085 | WizLab   | Killed an antique lich
 34666 | Vaults:2 | Reached skill level 5 in Maces & Flails
 35145 | Vaults:2 | Reached XP level 21. HP: 134/134 MP: 30/30
 35458 | Vaults:3 | Noticed Margery
 35477 | Vaults:3 | Killed Margery
 35477 | Vaults:3 | Received a gift from Okawaru
 35838 | Vaults:3 | Found a staircase to the Crypt.
 35955 | Vaults:3 | Found a huge runed gate.
 35955 | Vaults:3 | Found a huge runed gate.
 35955 | Vaults:3 | Found a huge runed gate.
 35955 | Vaults:3 | Found a huge runed gate.
 35955 | Vaults:3 | Found a huge runed gate.
 35956 | Vaults:3 | Found a huge runed gate.
 35956 | Vaults:3 | Found a huge runed gate.
 35956 | Vaults:3 | Found a huge runed gate.
 35956 | Vaults:3 | Found a huge runed gate.
 35956 | Vaults:3 | Found a huge runed gate.
 35957 | Vaults:3 | Found a huge runed gate.
 35957 | Vaults:3 | Found a huge runed gate.
 35958 | Vaults:3 | Found a huge runed gate.
 35959 | Vaults:3 | Found a huge runed gate.
 35960 | Vaults:3 | Found a huge runed gate.
 35968 | Vaults:3 | Found a huge runed gate.
 35968 | Vaults:3 | Found a huge runed gate.
 35968 | Vaults:3 | Found a huge runed gate.
 35968 | Vaults:3 | Found a huge runed gate.
 35968 | Vaults:3 | Found a huge runed gate.
 35968 | Vaults:3 | Found a huge runed gate.
 35969 | Vaults:3 | Found a huge runed gate.
 35970 | Vaults:3 | Found a huge runed gate.
 35971 | Vaults:3 | Found a huge runed gate.
 35979 | Vaults:3 | Found a huge runed gate.
 35979 | Vaults:3 | Found a huge runed gate.
 35979 | Vaults:3 | Found a huge runed gate.
 35979 | Vaults:3 | Found a huge runed gate.
 35979 | Vaults:3 | Found a huge runed gate.
 35979 | Vaults:3 | Found a huge runed gate.
 35980 | Vaults:3 | Found a huge runed gate.
 35981 | Vaults:3 | Found a huge runed gate.
 35982 | Vaults:3 | Found a huge runed gate.
 35990 | Vaults:3 | Found a huge runed gate.
 35990 | Vaults:3 | Found a huge runed gate.
 35990 | Vaults:3 | Found a huge runed gate.
 36118 | Vaults:3 | Noticed Asterion
 36125 | Vaults:3 | Killed Asterion
 36125 | Vaults:3 | Received a gift from Okawaru
 36164 | Vaults:3 | Reached skill level 10 in Maces & Flails
 36694 | Vaults:4 | Found a large runed translucent door.
 36694 | Vaults:4 | Found a large runed translucent door.
 36694 | Vaults:4 | Found a large runed translucent door.
 36694 | Vaults:4 | Found a large runed translucent door.
 36694 | Vaults:4 | Found a large runed translucent door.
 36694 | Vaults:4 | Found a large runed translucent door.
 36694 | Vaults:4 | Noticed Ciotsan's ghost (adept FeIE)
 36695 | Vaults:4 | Found a large runed translucent door.
 36695 | Vaults:4 | Found a large runed translucent door.
 36719 | Vaults:4 | Found Hixteero's Antique Weapon Shop.
 37222 | Vaults:4 | Found Duceumm's Weapon Shoppe.
 37315 | Vaults:4 | Received a gift from Okawaru
 37818 | Vaults:4 | Killed Ciotsan's ghost
 38346 | Elf:1    | Entered Level 1 of the Elven Halls
 38408 | Elf:1    | Found Buypp's Jewellery Shoppe.
 38408 | Elf:1    | Found Cafresh's Book Shop.
 38414 | Elf:1    | Found Jeveq's Book Shop.
 38483 | Elf:1    | Found Saushod's Armour Shop.
 38491 | Elf:1    | Bought a +2 pair of boots for 181 gold pieces
 38570 | Elf:1    | Noticed Azrael
 38582 | Elf:1    | Killed Azrael
 39042 | Elf:2    | Received a gift from Okawaru
 39149 | Elf:2    | Found Ceokal's Antique Armour Shop.
 39212 | Elf:2    | Reached XP level 22. HP: 140/140 MP: 31/31
 39488 | Elf:2    | Found a runed translucent gate.
 39489 | Elf:2    | Found a runed translucent gate.
 39489 | Elf:2    | Found a runed translucent gate.
 39644 | Elf:3    | Entered Level 3 of the Elven Halls
 40087 | Elf:3    | Noticed Zenata
 40097 | Elf:3    | Killed Zenata
 40100 | Elf:3    | Received a gift from Okawaru
 40211 | Elf:3    | Reached skill level 15 in Maces & Flails
 41169 | Elf:3    | Identified the ring of Ythil {rPois rF- rN+ Int+8}
 41170 | Elf:3    | Identified the ring of Devotion {rF- rC+ Str+6 Dex+2}
 41182 | Elf:3    | Identified the staff of the Dark Horse {rPois Conj}
 41193 | Elf:3    | Identified the +5 flail of Tenacity {flame, Will++ Int+2}
 41259 | Elf:3    | Received a gift from Okawaru
 41288 | Elf:3    | Identified the +3 battleaxe of Perifoall {heavy, Str+4}
 41573 | Elf:3    | Identified the +6 mace of Miucuffu {drain, rPois rF++ Str-2
                  | Dex+3}
 41752 | Elf:3    | Identified the staff of Causality {rPois rC++ Str-3 Dex+3
                  | Conj}
 41753 | Elf:3    | Identified the +2 pair of boots of the Vestibule of Hell
                  | {Rampage}
 41755 | Elf:3    | Identified the +0 ring mail of a bazaar {rElec Slay+3}
 41765 | Elf:3    | Acquired 776 gold pieces
 43211 | Depths:1 | Entered Level 1 of the Depths
 43211 | Depths:1 | Noticed the Enchantress
 43256 | Depths:1 | Received a gift from Okawaru
 43281 | Abyss:2  | Cast into level 2 of the Abyss (the Enchantress)
 43606 | Abyss:2  | Gained mutation: You occasionally lose the ability to read
                  | scrolls when taking damage. [a cacodemon]
 43615 | Depths:1 | Escaped the Abyss
 43623 | Depths:1 | Killed the Enchantress
 43694 | Depths:1 | Found a transporter.
 43696 | Depths:1 | Found a transporter.
 43701 | Depths:1 | Found the +8 Vampire's Tooth {megavamp}
 43792 | Depths:1 | Reached XP level 23. HP: 100/144 MP: 32/32
 43880 | Depths:1 | Noticed Norris
 43896 | Depths:1 | Killed Norris
 44214 | Depths:1 | Received a gift from Okawaru
 44618 | Depths:1 | Noticed Vorhees's ghost (veteran KoHu)
 44621 | Depths:1 | Found a one-way gate to the infinite horrors of the Abyss.
 45025 | Depths:2 | Received a gift from Okawaru
 45155 | Depths:2 | Found a one-way gateway to a ziggurat.
 45367 | Depths:2 | Found a one-way gate leading to the halls of Pandemonium.
 45394 | Depths:2 | Found Dogicwo's General Store.
 45399 | Depths:2 | Found Rov Besm's General Store.
 45402 | Depths:2 | Bought a scroll of blinking for 112 gold pieces
 45412 | Depths:2 | Identified the +5 spear of Discomfort {vamp, rC+ Int+3
                  | Stlth-}
 45493 | Depths:2 | Received a gift from Okawaru
 45742 | Depths:2 | Noticed a juggernaut
 45916 | Depths:2 | Received a gift from Okawaru
 46014 | Depths:2 | Noticed a golden dragon
 46019 | Depths:2 | Killed a juggernaut
 46022 | Depths:2 | Noticed a juggernaut
 46033 | Depths:2 | Killed a golden dragon
 46034 | Depths:2 | Reached XP level 24. HP: 150/150 MP: 32/32
 46047 | Depths:2 | Killed a juggernaut
 46164 | Depths:2 | Reached skill level 15 in Dodging
 46203 | Depths:2 | Lost mutation: You occasionally lose the ability to read
                  | scrolls when taking damage. [potion of mutation]
 46203 | Depths:2 | Gained mutation: Your muscles are strong. (Str +4, Int/Dex
                  | -1) [potion of mutation]
 46203 | Depths:2 | Gained mutation: You are covered in fur. (AC +1) [potion of
                  | mutation]
 46307 | Depths:2 | Received a gift from Okawaru
 46851 | Depths:3 | Received a gift from Okawaru
 46922 | Depths:3 | Found a burning altar of Makhleb.
 46994 | Depths:3 | Found a runed translucent door.
 46996 | Depths:3 | Noticed a caustic shrike
 47096 | Depths:3 | Found a runed translucent door.
 47111 | Depths:3 | Found a runed translucent door.
 47404 | Depths:3 | Received a gift from Okawaru
 47767 | Depths:4 | Entered Level 4 of the Depths
 47932 | Depths:4 | Reached XP level 25. HP: 160/160 MP: 32/32
 47943 | Depths:4 | Received a gift from Okawaru
 48093 | Depths:4 | Found Sott's Distillery.
 48133 | Depths:4 | Bought a potion of haste for 200 gold pieces
 48534 | Depths:4 | Acquired a manual of Armour
 48940 | Depths:4 | Received a gift from Okawaru
 49138 | Depths:4 | Found a gate to the Realm of Zot.
 49564 | Vaults:5 | Entered Level 5 of the Vaults
 49646 | Vaults:5 | Received a gift from Okawaru
 49759 | Vaults:5 | Found the +8 trishula "Condemnation" {holy, anguish, *Noise
                  | Fly rN+}
 49790 | Vaults:5 | Received a gift from Okawaru
 49880 | Vaults:5 | Identified the ring "Xoppico" {Wiz rC+}
 49884 | Vaults:5 | Noticed Xtahua
 49895 | Vaults:5 | Killed Xtahua
 49980 | Vaults:5 | Identified the amulet "Ycet" {RegenMP -Tele Harm rF++ SInv}
 50012 | Vaults:5 | Reached XP level 26. HP: 168/168 MP: 32/32
 50114 | Vaults:5 | Acquired 1003 gold pieces
 50151 | Vaults:5 | Identified the staff "Sirghit" {rC+ rN+ Stlth+ Earth}
 50162 | Vaults:5 | Identified the ring of Meorpheo {AC+4 Int+5 SInv}
 50198 | Vaults:5 | Got a silver rune of Zot
 50381 | Vaults:5 | Received a gift from Okawaru
 51542 | Slime:1  | Entered Level 1 of the Pits of Slime
 51545 | Slime:1  | Received a gift from Okawaru
 51585 | Slime:2  | Gained mutation: Armour fits poorly on your strangely
                  | shaped body. [a shining eye]
 51589 | Slime:2  | Gained mutation: Your body sometimes deteriorates upon
                  | taking damage. [a shining eye]
 51592 | Slime:2  | Gained mutation: You are clumsy. (Dex -2) [a shining eye]
 51596 | Slime:2  | Gained mutation: You are very clumsy. (Dex -4) [a shining
                  | eye]
 51605 | Slime:2  | Gained mutation: You have hidden genetic defects. [a
                  | shining eye]
 51611 | Slime:1  | Gained mutation: You occasionally lose the ability to drink
                  | potions when taking damage. [a shining eye]
 51750 | Slime:1  | Lost mutation: Your muscles are strong. (Str +4, Int/Dex
                  | -1) [a shining eye]
 51859 | Slime:1  | Lost mutation: You are covered in fur. (AC +1) [potion of
                  | mutation]
 51859 | Slime:1  | Lost mutation: Your body sometimes deteriorates upon taking
                  | damage. [potion of mutation]
 51859 | Slime:1  | Lost mutation: Armour fits poorly on your strangely shaped
                  | body. [potion of mutation]
 51859 | Slime:1  | Lost mutation: You have hidden genetic defects. [potion of
                  | mutation]
 51859 | Slime:1  | Gained mutation: You are strong-willed. (Will+) [potion of
                  | mutation]
 51859 | Slime:1  | Lost mutation: You are strong-willed. (Will+) [potion of
                  | mutation]
 51860 | Slime:1  | Lost mutation: You are very clumsy. (Dex -4) [potion of
                  | mutation]
 51860 | Slime:1  | Lost mutation: You occasionally lose the ability to drink
                  | potions when taking damage. [potion of mutation]
 51860 | Slime:1  | Gained mutation: You occasionally lose the ability to drink
                  | potions when taking damage. [potion of mutation]
 51860 | Slime:1  | Gained mutation: You are covered in fur. (AC +1) [potion of
                  | mutation]
 51860 | Slime:1  | Gained mutation: Your body sometimes deteriorates upon
                  | taking damage. [potion of mutation]
 51861 | Slime:1  | Lost mutation: You occasionally lose the ability to drink
                  | potions when taking damage. [potion of mutation]
 51861 | Slime:1  | Lost mutation: Your body sometimes deteriorates upon taking
                  | damage. [potion of mutation]
 51861 | Slime:1  | Gained mutation: Your muscles are strong. (Str +4, Int/Dex
                  | -1) [potion of mutation]
 51861 | Slime:1  | Gained mutation: You have an increased reservoir of magic.
                  | (+10% MP) [potion of mutation]
 51866 | Slime:2  | Gained mutation: You have hidden genetic defects. [a
                  | shining eye]
 51868 | Slime:2  | Gained mutation: You are very clumsy. (Dex -4) [a shining
                  | eye]
 51875 | Slime:2  | Lost mutation: You have an increased reservoir of magic.
                  | (+10% MP) [potion of mutation]
 51875 | Slime:2  | Lost mutation: Your muscles are strong. (Str +4, Int/Dex
                  | -1) [potion of mutation]
 51875 | Slime:2  | Gained mutation: You are partially covered in iridescent
                  | scales. (AC +2) [potion of mutation]
 51875 | Slime:2  | Gained mutation: You expend magic power (3 MP) to
                  | strengthen your wands. [potion of mutation]
 51876 | Slime:2  | Lost mutation: You have hidden genetic defects. [potion of
                  | mutation]
 51876 | Slime:2  | Lost mutation: You are covered in fur. (AC +1) [potion of
                  | mutation]
 51876 | Slime:2  | Gained mutation: You are mostly covered in iridescent
                  | scales. (AC +4) [potion of mutation]
 51876 | Slime:2  | Gained mutation: Your flesh is heat resistant. (rF+)
                  | [potion of mutation]
 51877 | Slime:2  | Lost mutation: You expend magic power (3 MP) to strengthen
                  | your wands. [potion of mutation]
 51877 | Slime:2  | Lost mutation: Your flesh is heat resistant. (rF+) [potion
                  | of mutation]
 51877 | Slime:2  | Lost mutation: You are very clumsy. (Dex -4) [potion of
                  | mutation]
 51877 | Slime:2  | Gained mutation: A frigid envelope surrounds you and
                  | freezes all who hurt you. [potion of mutation]
 51924 | Slime:4  | Noticed Dissolution
 51932 | Slime:4  | Killed Dissolution
 51979 | Slime:5  | Entered Level 5 of the Pits of Slime
 52152 | Slime:5  | Received a gift from Okawaru
 52220 | Slime:5  | Noticed the Royal Jelly
 52237 | Slime:5  | Killed the Royal Jelly
 52300 | Slime:5  | Found the brooch of Shielding {Spirit SH+8}
 52308 | Slime:5  | Identified the ring "Ytoilega" {Contam rElec Int+3 Dex+6}
 52310 | Slime:5  | Got a slimy rune of Zot
 52311 | Slime:5  | Identified the ring "Gulublaco" {EV+5 Str+6}
 52314 | Slime:5  | Identified the ring of the Invisible Hand {Int+6 Dex+4
                  | Stlth+}
 52318 | Slime:5  | Got a thrumming book
 52322 | Slime:5  | Got a lithographed book
 52325 | Slime:5  | Identified the +3 orcbow of Makhleb's Esteem {freeze, rC+}
 52366 | Slime:5  | Identified the +0 robe of the Sun {+Blink rC++ Dex-5
                  | Archmagi}
 52401 | Slime:5  | Identified the amulet of Suxetoh {Faith rF+ rC- rN+ Int+2}
 53193 | Crypt:1  | Entered Level 1 of the Crypt
 53439 | Crypt:1  | Received a gift from Okawaru
 53522 | Crypt:1  | Reached XP level 27. HP: 173/173 MP: 32/32
 54101 | Crypt:2  | Found a runed translucent gate.
 54101 | Crypt:2  | Found a runed translucent gate.
 54101 | Crypt:2  | Found a runed translucent gate.
 54165 | Crypt:2  | Noticed Yzeiphu's ghost (adept OpEE)
 54316 | Crypt:2  | Received a gift from Okawaru
 54319 | Crypt:2  | Reached skill level 15 in Armour
 55086 | Vaults:1 | Killed Wuemn's ghost
 55121 | Vaults:1 | Identified the +0 pair of gloves of True Grit {rElec rF-
                  | Str+3 Int+6}
 55321 | Zot:1    | Entered Level 1 of the Realm of Zot
 55394 | Zot:1    | Received a gift from Okawaru
 56237 | Zot:2    | Identified the +0 pair of gloves of Kiafeid {rElec Str-2
                  | Int+2}
 56262 | Zot:2    | Received a gift from Okawaru
 56283 | Zot:2    | Noticed a dread lich
 56397 | Zot:2    | Gained mutation: Your body sometimes deteriorates upon
                  | taking damage. [mutagenic glow]
 56410 | Zot:2    | Gained mutation: You are very clumsy. (Dex -4) [mutagenic
                  | glow]
 56421 | Zot:2    | Gained mutation: Your spells are a little easier to cast,
                  | but a little less powerful. [mutagenic glow]
 56433 | Zot:2    | Lost mutation: You are very clumsy. (Dex -4) [potion of
                  | mutation]
 56433 | Zot:2    | Lost mutation: Your spells are a little easier to cast, but
                  | a little less powerful. [potion of mutation]
 56433 | Zot:2    | Gained mutation: You have a pair of small horns on your
                  | head. [potion of mutation]
 56433 | Zot:2    | Gained mutation: Your spells are a little harder to cast,
                  | but a little more powerful. [potion of mutation]
 56434 | Zot:2    | Lost mutation: You are mostly covered in iridescent scales.
                  | (AC +4) [potion of mutation]
 56434 | Zot:2    | Lost mutation: A frigid envelope surrounds you and freezes
                  | all who hurt you. [potion of mutation]
 56434 | Zot:2    | Gained mutation: Your natural rate of healing is unusually
                  | fast. [potion of mutation]
 56434 | Zot:2    | Gained mutation: You expend magic power (3 MP) to
                  | strengthen your wands. [potion of mutation]
 56435 | Zot:2    | Lost mutation: You are partially covered in iridescent
                  | scales. (AC +2) [potion of mutation]
 56435 | Zot:2    | Lost mutation: Your natural rate of healing is unusually
                  | fast. [potion of mutation]
 56435 | Zot:2    | Gained mutation: Your mind is acute. (Int +4, Str/Dex -1)
                  | [potion of mutation]
 56435 | Zot:2    | Lost mutation: You are clumsy. (Dex -2) [potion of
                  | mutation]
 56435 | Zot:2    | Gained mutation: You passively map a small area around you.
                  | [potion of mutation]
 56436 | Zot:2    | Lost mutation: Your body sometimes deteriorates upon taking
                  | damage. [potion of mutation]
 56436 | Zot:2    | Lost mutation: Your spells are a little harder to cast, but
                  | a little more powerful. [potion of mutation]
 56436 | Zot:2    | Gained mutation: You are partially covered in iridescent
                  | scales. (AC +2) [potion of mutation]
 56436 | Zot:2    | Gained mutation: You are covered in fur. (AC +1) [potion of
                  | mutation]
 56463 | Zot:2    | Killed a dread lich
 56570 | Zot:2    | Lost mutation: Your mind is acute. (Int +4, Str/Dex -1)
                  | [potion of mutation]
 56570 | Zot:2    | Lost mutation: You have a pair of small horns on your head.
                  | [potion of mutation]
 56570 | Zot:2    | Gained mutation: You do not regenerate when monsters are
                  | visible. [potion of mutation]
 56570 | Zot:2    | Lost mutation: You expend magic power (3 MP) to strengthen
                  | your wands. [potion of mutation]
 57133 | Depths:4 | Bought a potion of mutation for 160 gold pieces
 57133 | Depths:4 | Lost mutation: You are covered in fur. (AC +1) [potion of
                  | mutation]
 57133 | Depths:4 | Lost mutation: You do not regenerate when monsters are
                  | visible. [potion of mutation]
 57133 | Depths:4 | Gained mutation: You are mostly covered in iridescent
                  | scales. (AC +4) [potion of mutation]
 57133 | Depths:4 | Gained mutation: Your magical capacity is low. (-10% MP)
                  | [potion of mutation]
 57345 | Zot:2    | Received a gift from Okawaru
 57977 | Zot:3    | Received a gift from Okawaru
 58492 | Zot:4    | Noticed Juzit's ghost (legendary GnFi)
 58494 | Zot:4    | Found a runed translucent door.
 58547 | Zot:4    | Killed Juzit's ghost
 58565 | Zot:4    | Identified the +2 hat of Wu Jian's Regard {Rampage rPois
                  | Str+3}
 58584 | Zot:4    | Identified the +12 flail "Isime" {elec, rF+ rN+}
 58836 | Zot:4    | Found the +27 heavy crossbow "Sniper" {heavy, Acc+∞ SInv}
 59103 | Zot:5    | Entered Level 5 of the Realm of Zot
 59107 | Zot:5    | Received a gift from Okawaru
 60328 | Zot:5    | Noticed a dread lich
 60333 | Zot:5    | Noticed an ancient lich
 60334 | Zot:5    | Noticed a dread lich
 60342 | Zot:5    | Killed a dread lich
 60349 | Zot:5    | Killed a dread lich
 60349 | Zot:5    | Received a gift from Okawaru
 60614 | Zot:5    | Noticed an orb of fire
 60622 | Zot:5    | Killed an orb of fire
 60633 | Zot:5    | Received a gift from Okawaru
 60633 | Zot:5    | Noticed an ancient lich
 60681 | Zot:5    | Killed an ancient lich
 60697 | Zot:5    | Noticed an orb of fire
 60710 | Zot:5    | Killed an orb of fire
 60731 | Zot:5    | Received a gift from Okawaru
 60741 | Zot:5    | Killed an ancient lich
 60963 | Zot:5    | Noticed an ancient lich
 60965 | Zot:5    | Killed an ancient lich
 61237 | Pan      | Entered the realm of Lom Lobon.
 61237 | Pan      | Entered Pandemonium
 61331 | Pan      | Noticed Lom Lobon
 61346 | Pan      | Killed Lom Lobon
 61380 | Pan      | Got a magical rune of Zot
 61461 | Pan      | Received a gift from Okawaru
 62271 | Pan      | Gained mutation: You are weak. (Str -2) [a neqoxec]
 62317 | Pan      | Received a gift from Okawaru
 62335 | Pan      | Noticed Gasonlunt the pandemonium lord
 62350 | Pan      | Killed Gasonlunt the pandemonium lord
 62405 | Pan      | Noticed Ignacio
 62412 | Pan      | Killed Ignacio
 62664 | Pan      | Entered the realm of Cerebov.
 62793 | Pan      | Reached skill level 27 in Ranged Weapons
 62819 | Pan      | Reached skill level 1 in Evocations
 63147 | Pan      | Found an ancient bone altar of Kikubaaqudgha.
 63193 | Pan      | Identified the +5 long sword "Voifyzef" {antimagic, SInv}
 63214 | Pan      | Received a gift from Okawaru
 63240 | Pan      | Identified the +8 war axe of Waitro {heavy, Str+2 Stlth+}
 63252 | Pan      | Found the +6 sword of Cerebov {flame}
 63252 | Pan      | Noticed Cerebov
 63664 | Pan      | Killed Cerebov
 63808 | Pan      | Identified the +2 leather armour of Duijoll {+Inv}
 63813 | Pan      | Identified the +1 scale mail "Rijask" {rC+}
 63850 | Pan      | Got a fiery rune of Zot
 63864 | Pan      | Reached skill level 5 in Evocations
 63867 | Pan      | Identified the +6 spear of Optimality {flame, Fly rElec
                  | Dex+3}
 63934 | Pan      | Identified the +6 falchion "Brush" {venom, Drain rF+ rC+
                  | Will++}
 64070 | Depths:4 | Escaped Pandemonium
 64319 | D:10     | You showed the slimy rune of Zot to enter a treasure trove
 64320 | Trove    | Entered a treasure trove
 64349 | Trove    | Identified the ring "Acsianub" {rC+ rN+ Int+3}
 64353 | Trove    | Identified the amulet "Passir" {Reflect rN+ MP-9 Str+3
                  | Dex+7 SH+5}
 64371 | Trove    | Identified the ring "Zamos" {Will+ rCorr MP+9}
 64390 | Trove    | Identified the +3 halberd "Ituc" {heavy, Str+2 Dex-5 SInv}
 64392 | Trove    | Identified the +9 trident "Ecsifaut" {venom, Int+4}
 64401 | Trove    | Identified the amulet "Keskoj" {RegenMP SInv}
 64410 | Trove    | Identified the amulet of the Morning {Faith +Inv rC+}
 64421 | Trove    | Identified the scarf of Servitude {rC+ rF+, rElec rN+
                  | Regen+ Str-4}
 64657 | D:10     | Killed Xavier147's ghost
 64657 | D:10     | Received a gift from Okawaru
 64660 | D:10     | Killed heinrich's ghost
 64666 | D:10     | Killed KineticRobot's ghost
 65430 | D:2      | Killed Sigmund
 65670 | Lair:4   | Killed Zenatt's ghost
 65813 | Swamp:1  | Killed Nikola
 66514 | Orc:2    | Bought the dreamshard necklace {Acrobat *Dream} for 2800
                  | gold pieces
 66514 | Orc:2    | Found the dreamshard necklace {Acrobat *Dream}
 66582 | Orc:2    | Bought a scroll of teleportation for 36 gold pieces
 66582 | Orc:2    | Bought 2 scrolls of fog for 96 gold pieces
 66582 | Orc:2    | Bought a scroll of fog for 48 gold pieces
 66817 | Pan      | Entered the realm of Mnoleg.
 66817 | Pan      | Entered Pandemonium
 67038 | Pan      | Noticed Mnoleg
 67054 | Pan      | Lost mutation: You passively map a small area around you.
                  | [a cacodemon]
 67068 | Pan      | Killed Mnoleg
 67141 | Pan      | Lost mutation: You are weak. (Str -2) [a cacodemon]
 67151 | Pan      | Gained mutation: You are strong-willed. (Will+) [a shining
                  | eye]
 67308 | Pan      | Identified the +4 chain mail "Zeoluch" {Rampage +Inv Int-4
                  | Slay+5}
 67330 | Pan      | Gained mutation: You occasionally lose the ability to read
                  | scrolls when taking damage. [a cacodemon]
 67350 | Pan      | Acquired the +2 pair of boots of Raro {Rampage Dex+2}
 67524 | Pan      | Gained mutation: You are dopey. (Int -2) [a neqoxec]
 67802 | Pan      | Identified the +1 pair of gloves of Loddoum {rC+ Str+4}
 67843 | Pan      | Got a glowing rune of Zot
 67895 | Pan      | Identified the ring "Kotuam" {Ice +Blink}
 67926 | Pan      | Gained mutation: You occasionally lose the ability to drink
                  | potions when taking damage. [a cacodemon]
 68391 | Pan      | Noticed Anommon the pandemonium lord
 68403 | Pan      | Killed Anommon the pandemonium lord
 68407 | Pan      | Received a gift from Okawaru
 68797 | Pan      | Identified the +1 robe "Qepnugug" {Int+3}
 68912 | Pan      | Found an exit through the horrors of the Abyss.
 69114 | Pan      | Found a glowing silver altar of Zin.
 69417 | Pan      | Received a gift from Okawaru
 69432 | Pan      | Identified the amulet "Ocait" {Spirit MP+9}
 69432 | Pan      | Noticed a seraph
 69447 | Pan      | Killed a seraph
 69510 | Pan      | Found a glowing golden altar of the Shining One.
 69522 | Pan      | Identified the +8 quarterstaff "Ramiwn" {antimagic, rElec
                  | rPois}
 69541 | Pan      | Got a demonic rune of Zot
 69783 | Pan      | Identified the amulet of Cuntoitwikk {Spirit *Slow Int+3
                  | Dex+8}
 69790 | Pan      | Reached skill level 10 in Evocations
 69794 | Pan      | Found a white marble altar of Elyvilon.
 70391 | Pan      | Received a gift from Okawaru
 70843 | Pan      | Identified the +4 tower shield of the Elven Halls {Fly
                  | Str+2 Int+3}
 70976 | Pan      | Reached skill level 1 in Shields
 71159 | Pan      | Entered the realm of Gloorx Vloq.
 71392 | Pan      | Found an exit through the horrors of the Abyss.
 71629 | Pan      | Received a gift from Okawaru
 71691 | Pan      | Reached skill level 15 in Invocations
 71745 | Pan      | Reached skill level 5 in Shields
 71869 | Pan      | Noticed Gloorx Vloq
 71880 | Pan      | Killed Gloorx Vloq
 71890 | Pan      | Got a dark rune of Zot
 72175 | Pan      | Took an exit into the Abyss.
 72175 | Abyss:2  | Escaped into the Abyss
 72182 | Abyss:2  | Found a corrupted altar of Lugonu.
 72373 | Abyss:3  | Gained mutation: You sometimes lose the ability to read
                  | scrolls when taking damage. [a neqoxec]
 72392 | Abyss:3  | Received a gift from Okawaru
 72836 | Abyss:3  | Found a corrupted altar of Lugonu.
 72935 | Abyss:3  | Gained mutation: You occasionally shout uncontrollably at
                  | your foes. [a neqoxec]
 72976 | Abyss:3  | Got an abyssal rune of Zot
 72989 | Depths:4 | Escaped the Abyss
 73033 | Zig:1    | Entered Level 1 of a ziggurat
 73053 | Zig:2    | Entered Level 2 of a ziggurat
 73129 | Zig:3    | Entered Level 3 of a ziggurat
 73152 | Zig:3    | Found the +2 hood of the Assassin {Detect Stab+ Stlth++}
 73169 | Zig:4    | Entered Level 4 of a ziggurat
 73210 | Zig:5    | Entered Level 5 of a ziggurat
 73251 | Zig:5    | Identified the +5 war axe of Xeuhan {holy, +Blink rF+}
 73255 | Zig:6    | Entered Level 6 of a ziggurat
 73294 | Zig:6    | Identified the +0 cloak "Qeseog" {Stlth+}
 73298 | Zig:6    | Identified the +0 morningstar "Cecumir" {freeze, Int+5}
 73305 | Zig:7    | Entered Level 7 of a ziggurat
 73316 | Zig:7    | Received a gift from Okawaru
 73348 | Zig:7    | Got a curious book
 73359 | Zig:7    | Identified the +2 orcbow "Feyxanap" {flame, rC++ Will-
                  | Int+7}
 73366 | Zig:7    | Identified the +0 plate armour of the Chimera {rF++ Regen+
                  | Str-2}
 73386 | Zig:8    | Entered Level 8 of a ziggurat
 73427 | Zig:8    | Identified the +1 longbow of Makhleb's Condemnation
                  | {antimagic, rElec rF++ Str-2 Stlth+}
 73433 | Zig:8    | Identified the scarf "Ikuf" {rC+ rF+, Int+3}
 73434 | Zig:8    | Identified the +0 robe of Distant Worlds {MP+9}
 73436 | Zig:8    | Got a vellum book
 73439 | Zig:9    | Entered Level 9 of a ziggurat
 73457 | Zig:9    | Noticed Suyfeil the pandemonium lord
 73474 | Zig:9    | Killed Suyfeil the pandemonium lord
 73602 | Zig:9    | Identified the +1 rapier "Glorpo" {flame, Str+8 Dex-5}
 73620 | Zig:10   | Entered Level 10 of a ziggurat
 73695 | Zig:10   | Received a gift from Okawaru
 73749 | Zig:11   | Entered Level 11 of a ziggurat
 73849 | Zig:11   | Found the +2 cloak of the Thief {*Fog Slay-2 SInv Stlth+}
 73919 | Zig:11   | Identified the +0 plate armour "Xuelait" {rC+ rN+ Dex+2}
 73924 | Zig:12   | Entered Level 12 of a ziggurat
 74012 | Zig:12   | Reached skill level 10 in Shields
 74147 | Zig:12   | Found the +7 captain's cutlass {speed, disarm}
 74189 | Zig:12   | Identified the amulet of Halurakk {Reflect Rampage rPois
                  | Regen+ SH+5}
 74217 | Zig:12   | Lost mutation: You are mostly covered in iridescent scales.
                  | (AC +4) [potion of mutation]
 74217 | Zig:12   | Lost mutation: You sometimes lose the ability to read
                  | scrolls when taking damage. [potion of mutation]
 74217 | Zig:12   | Lost mutation: You are partially covered in iridescent
                  | scales. (AC +2) [potion of mutation]
 74217 | Zig:12   | Gained mutation: You are agile. (Dex +4, Str/Int -1)
                  | [potion of mutation]
 74217 | Zig:12   | Gained mutation: You are very agile. (Dex +8, Str/Int -2)
                  | [potion of mutation]
 74218 | Zig:12   | Lost mutation: You occasionally shout uncontrollably at
                  | your foes. [potion of mutation]
 74218 | Zig:12   | Lost mutation: You are dopey. (Int -2) [potion of mutation]
 74218 | Zig:12   | Lost mutation: You are very agile. (Dex +8, Str/Int -2)
                  | [potion of mutation]
 74218 | Zig:12   | Lost mutation: You occasionally lose the ability to drink
                  | potions when taking damage. [potion of mutation]
 74225 | Zig:12   | Identified the +5 ring mail of Ytinem {Regen+ Str+2}
 74334 | Hell     | Entered the Vestibule of Hell
 74334 | Hell     | Noticed Murray
 74359 | Depths:2 | Killed Murray
 74508 | Hell     | Received a gift from Okawaru
 74561 | Hell     | Noticed Geryon
 74590 | Hell     | Killed Geryon
 74690 | Hell     | Found a gateway to the Iron City of Dis.
 74794 | Hell     | Found a gateway to the ashen valley of Gehenna.
 74948 | Hell     | Found a gateway to the decaying netherworld of Tartarus.
 74965 | Tar:1    | Entered Level 1 of Tartarus
 75363 | Tar:2    | Received a gift from Okawaru
 75874 | Tar:4    | Received a gift from Okawaru
 76219 | Tar:5    | Received a gift from Okawaru
 76278 | Tar:5    | You are sucked into a shaft and drop 1 floor!
 76694 | Tar:6    | Noticed a dread lich
 76704 | Tar:6    | Killed a dread lich
 76726 | Tar:6    | Reached skill level 27 in Armour
 77035 | Tar:7    | Entered Level 7 of Tartarus
 77046 | Tar:7    | Noticed an ancient lich
 77059 | Tar:7    | Killed an ancient lich
 77138 | Tar:7    | Noticed a dread lich
 77139 | Tar:7    | Received a gift from Okawaru
 77140 | Tar:7    | Paralysed by a dread lich for 4 turns
 77146 | Tar:7    | Killed a dread lich
 77187 | Tar:7    | Reached skill level 15 in Shields
 77628 | Tar:7    | Noticed Ereshkigal
 77635 | Tar:7    | Paralysed by Ereshkigal for 5 turns
 77641 | Tar:7    | Killed Ereshkigal
 77728 | Tar:7    | Got a bone rune of Zot
 77889 | Hell     | Found a gateway to the freezing wastes of Cocytus.
 77907 | Hell     | Received a gift from Okawaru
 77914 | Coc:1    | Entered Level 1 of Cocytus
 78377 | Coc:1    | Noticed a juggernaut
 78406 | Coc:1    | Killed a juggernaut
 78992 | Coc:3    | Received a gift from Okawaru
 79539 | Coc:5    | Paralysed by a wendigo for 1 turns
 79809 | Coc:6    | Received a gift from Okawaru
 79973 | Coc:6    | Received a gift from Okawaru
 80018 | Coc:7    | Entered Level 7 of Cocytus
 80044 | Coc:7    | Paralysed by a wendigo for 1 turns
 80457 | Coc:7    | Received a gift from Okawaru
 80465 | Coc:7    | Paralysed by a wendigo for 1 turns
 80811 | Coc:7    | Identified the staff of Honesty {Contam rF+ Str+3 Stlth+
                  | Tloc Fire}
 80948 | Coc:7    | Received a gift from Okawaru
 81590 | Coc:7    | Noticed Antaeus
 81603 | Coc:7    | Killed Antaeus
 81647 | Coc:7    | Identified the amulet of Hileiwn {*Slow Fly rF+ Regen+
                  | Dex+2}
 81653 | Coc:7    | Got an icy rune of Zot
 81850 | Geh:1    | Entered Level 1 of Gehenna
 82031 | Geh:2    | Received a gift from Okawaru
 82350 | Geh:3    | You are sucked into a shaft and drop 2 floors!
 82723 | Geh:7    | Entered Level 7 of Gehenna
 82792 | Geh:7    | Received a gift from Okawaru
 82930 | Geh:7    | Noticed the Serpent of Hell
 82960 | Geh:7    | Killed the Serpent of Hell
 83255 | Arena    | Entered the Arena
 83496 | Geh:7    | Identified the +3 falchion of Dominance {antimagic, rPois
                  | SInv}
 83550 | Geh:7    | Found the +13 sceptre of Asmodeus
 83550 | Geh:7    | Noticed Asmodeus
 83550 | Geh:7    | Found the +7 Spriggan's Knife {stab, EV+4 Stlth+}
 83561 | Geh:7    | Killed Asmodeus
 83561 | Geh:7    | Received a gift from Okawaru
 83583 | Geh:7    | Identified the ring "Gaub" {rCorr Dex-5 Slay+3 Stlth+}
 83588 | Geh:7    | Got an obsidian rune of Zot
 83747 | Dis:1    | Entered Level 1 of the Iron City of Dis
 83816 | Dis:2    | HP: 7/184 [Hell Sentinel (15)]
 83822 | Arena    | Entered the Arena
 84457 | Dis:3    | Received a gift from Okawaru
 85349 | Dis:3    | Found a burning altar of Makhleb.
 85538 | Dis:4    | Received a gift from Okawaru
 85949 | Dis:5    | Reached skill level 1 in Polearms
 86259 | Dis:7    | Entered Level 7 of the Iron City of Dis
 86865 | Arena    | Entered the Arena
 87204 | Dis:7    | Reached skill level 10 in Stealth
 87323 | Dis:7    | Reached skill level 5 in Polearms
 87848 | Dis:7    | Received a gift from Okawaru
 88423 | Dis:7    | Identified the amulet "Tomoeff" {Spirit rN+++ Int+8 Slay-6}
 88521 | Dis:7    | Received a gift from Okawaru
 88723 | Dis:7    | Identified the amulet "Earthly Heaven" {Reflect *Corrode
                  | +Blink Int+3 Slay-6 SH+5}
 88853 | Dis:7    | Identified the +2 cloak of Noaxug {Int+3}
 89109 | Dis:7    | Identified the +4 sling "Xicappuf" {flame, rN+ SInv}
 89134 | Dis:7    | Noticed Dispater
 89143 | Dis:7    | Killed Dispater
 89158 | Dis:7    | Got an iron rune of Zot
 89657 | Crypt:3  | Entered Level 3 of the Crypt
 89970 | Crypt:3  | Found the +5 Lochaber axe {reach-cleave, Poleaxe Drain}
 90005 | Crypt:3  | Identified the +4 sling of Offence {heavy, rC+ Int+2}
 90006 | Crypt:3  | Identified the +5 glaive "Pogilant" {drain, rC+ Str+2
                  | Dex+3}
 90122 | Crypt:3  | Reached skill level 10 in Polearms
 90131 | Crypt:3  | Reached skill level 15 in Stealth
 90196 | Crypt:3  | Found a staircase to the Tomb.
 90197 | Crypt:3  | Found the +13 scythe of Curses {drain, curses, Drain}
 90709 | Crypt:3  | Found an ancient bone altar of Kikubaaqudgha.
 90711 | Crypt:3  | Noticed a dread lich
 90718 | Crypt:3  | Killed a dread lich
 90748 | Crypt:3  | Identified the +0 morningstar of the Mushroom {flame, rN+
                  | rCorr Stlth-}
 90752 | Crypt:3  | Identified the ring of Umuichastre {rN+ Dex+5}
 90752 | Crypt:3  | Identified the ring of Jaugugo {rN+ Str+2}
 90752 | Crypt:3  | Identified the ring "Seotae" {+Blink rN+}
 90762 | Crypt:3  | Noticed a dread lich
 90769 | Crypt:3  | Killed a dread lich
 91352 | Tomb:1   | Entered Level 1 of the Tomb of the Ancients
 91557 | Tomb:1   | Received a gift from Okawaru
 91749 | Tomb:1   | Noticed a royal mummy
 91751 | Tomb:1   | Noticed a royal mummy
 91766 | Tomb:1   | HP: 10/276 [death scarab[a royal mummy] (5)]
 91767 | Tomb:1   | Noticed a royal mummy
 91767 | Tomb:1   | Noticed a royal mummy
 91768 | Tomb:1   | Killed from afar by a royal mummy

Illustrated notes

Levels and vault maps discovered:
D:1:      saegor_arrival_simple_a, layout_rooms
D:2:      layout_loops_ring, kennysheep_generic_room_6, uniq_sigmund
D:3:      wander_river, layout_loops_corners,
          hellmonk_ecumenical_altar_inner_sanctum
D:4:      layout_gridville, lemuel_mausoleum_altar_kikubaaqudgha, uniq_robin
D:5:      layout_loops_cross, kennysheep_mini_moat
D:6:      layout_basic, lemuel_coloured_pillars_altar,
          nicolae_overflow_crystal_walls, gup_sewer_entry_spiral
D:7:      layout_loops_ring, xom_confusion_cloud,
          mainiacjoe_overflow_cross_hatched, minmay_temple_entry_antechambers,
          dreamdust_princess_bridge, uniq_duvessa
D:8:      nicolae_cairo_tiling_very_big, layout_basic, zin_treasury
D:9:      layout_long_grid, nicolae_tso_swordbearing_angel,
          kennysheep_another_room, minivault_15, chequers_arboretum,
          minmay_stone_trees_small, uniq_pikel, uniq_erolcha, uniq_harold
D:10:     minmay_cut_squares, layout_loops_corners, trove_entry_hex_spiral,
          serial_shops, nicolae_book_shop_shelving, gammafunk_ghost_cemetery
D:11:     layout_roguey, kennysheep_orc_monster_closet_entryway,
          hangedman_decor_slide_cut, nicolae_ru_awakened_eye
D:12:     layout_basic, introduction_to_nature_1
D:13:     layout_cave_pools, fedhas_altar_4
D:14:     layout_roguey, hellmonk_vaults_order_and_chaos,
          nicolae_concentric_dashed_squares_wild, uniq_kirke, uniq_rupert,
          uniq_josephine
D:15:     hangedman_depths_entry_try_elsewhere_first, layout_basic, minivault_24
Lair:1:   gammafunk_worm_tunnel, layout_hall_layers, infiniplex_staircase_pool,
          grunt_megastairs_5, uniq_nergalle
Lair:2:   layout_cave_pods, skrybe_swamp_entry_bodies,
          spider_nest_entry_funnel_web, portal_ice_cave_entry_ice_simulacra,
          uniq_urug
Lair:3:   beast_lair_carwin_large_2, layout_loops_ring, lemuel_fruit_tree,
          uniq_prince_ribbit2
Lair:4:   layout_cave_pods, slime_entry_1, gammafunk_ghost_icy, minivault_25,
          disabler_island
Lair:5:   evil_forest, layout_small_grid, basic_altar
Swamp:1:  layout_basic_swamp, hangedman_swamp_diagram,
          infiniplex_staircase_pool_2, uniq_nikola, uniq_frances
Swamp:2:  layout_falls_marsh, nicolae_swamp_some_circles
Swamp:3:  layout_basic_swamp, evilmike_swamp_ruin_house_5, swamp_pool4
Swamp:4:  swamp_alternative, layout_basic_swamp
Spider:1: layout_cave_pods
Spider:2: layout_cave_pods, nicolae_spider_solar_radiation, uniq_arachne,
          uniq_louise
Spider:3: layout_spider_delve, nicolae_spider_world_wide_web
Spider:4: grunt_spider_rune_island, hellmonk_narrow_tunnel
Slime:1:  layout_caves
Slime:2:  layout_caves
Slime:3:  layout_caves, nicolae_slime_barrier
Slime:4:  layout_caves, dissolution_awaits
Slime:5:  slime_pit_nicolae_royal_road_to_ruin
Orc:1:    layout_caves, basic_altar, bh_open_orc_temple, uniq_gastronok
Orc:2:    st_orc_mages, layout_diamond_mine, ebering_ghost_inner_flame,
          serial_shops, nicolae_shop_back_alley_shop, nicolae_orc_tapped_out
Elf:1:    layout_rooms, serial_shops, nicolae_shop_waterfront,
          hangedman_elf_represent, minmay_shop_grove, uniq_azrael
Elf:2:    nicolae_elf_blades_crystal_corner, layout_geoelf_octagon,
          serial_shops, shop
Elf:3:    minmay_elf_hall_statues, layout_loops_cross, nrook_mini_backslash,
          hangedman_corner_corridor, uniq_zenata
Vaults:1: gammafunk_ghost_tricky_traps, nicolae_vaults_heart-shaped_vault,
          grunt_vaults_funnel, hangedman_vaults_trim, v_misc_10,
          vaults_room_hangedman_quadrants, hangedman_vaults_snaps, v_misc_10,
          nicolae_vaults_tetromino_Z_2, v_alt_pattern_1,
          vaults_dpeg_encased_lava, layout_vaults_ring, serial_shops,
          nicolae_shop_waterfront, uniq_aizul
Vaults:2: mu_enter_wizlab_5, nicolae_vaults_little_squares_1,
          vaults_standard_mumra_x, vaults_room_ringed_pool,
          nicolae_vaults_cochlea, ontoclasm_vaults_decontamination,
          layout_vaults_quadrants
Vaults:3: nicolae_vaults_trapezoid_4, hangedman_vaults_corner,
          vaults_room_corners, vaults_dpeg_cross, door_vault,
          minmay_crypt_entry_vampire_xt, nicolae_vaults_little_squares_6,
          nicolae_vaults_little_squares_3, vaults_dpeg_hooks,
          nicolae_vaults_layer_cake_slice, ontoclasm_vaults_chip,
          layout_vaults_big_room, uniq_asterion, uniq_margery
Vaults:4: advil_vaults_ghost_lines, nicolae_vaults_surprise_closet,
          nicolae_vaults_little_squares_3, nicolae_vaults_network_barrier,
          nicolae_vaults_gold_heap, nicolae_vaults_steering_wheel,
          nicolae_vaults_big_ls, v_misc_9, nicolae_vaults_more_shelving_2,
          vaults_room_pool, hangedman_vaults_corner_blocks,
          vaults_mumra_chevron, layout_vaults_maze, serial_shops,
          nicolae_shop_just_a_little_nook, nicolae_square_shop
Vaults:5: uniq_xtahua
Crypt:1:  layout_rooms, grunt_crypt_arrival_split, grunt_megastairs_2
Crypt:2:  layout_gridlike, gammafunk_ghost_spectres, grunt_ministairs_11,
          skrybe_necro_troll_1
Crypt:3:  quadcrypt_mu
Tomb:1
Depths:1: layout_gridlike, gammafunk_ghost_abyssal_escape,
          grunt_hell_entry_dis_grunt, minmay_guarded_unrand_vampires_tooth,
          grunt_megastairs_4, uniq_enchantress, uniq_norris
Depths:2: grunt_bent_corner, layout_cave_pools, enter_ziggurat_b,
          rand_demon_pan_entry_3, minmay_misc_feat_x, abyss_entry, hell_entry,
          minmay_shop_star, minmay_staircase_bubble, serial_bayou_shore_a
Depths:3: minmay_the_grid_triangle_9x9_rhombus_full_mashed
          [minmay_the_grid_triangle_9x9_windchime,
          minmay_the_grid_triangle_9x9_sparse_checkered,
          minmay_the_grid_triangle_9x9_fully_insulated_deathbox,
          minmay_the_grid_triangle_9x9_steps,
          minmay_the_grid_triangle_9x9_shrine,
          minmay_the_grid_triangle_9x9_semitri,
          minmay_the_grid_triangle_9x9_zippers_vertical,
          minmay_the_grid_triangle_9x9_prize_insulated], layout_gridlike,
          special_room [special_room_mythical_zoo],
          abyss_entry_small_statue_room, hangedman_coc_ice_floe,
          infiniplex_staircase_split_hallway
Depths:4: lemuel_castle_with_subvaults [lemuel_castle_interior_carwin_2],
          layout_gridlike, serial_shops, shop, abyss_entry_glasseish, pan_entry,
          hell_entry, serial_bayou_shore_b
Hell
Dis:1:    layout_subdivisions
Dis:2:    layout_subdivisions
Dis:3:    kennysheep_iron_temple, layout_gridville
Dis:4:    layout_gridville, minmay_strange_pillars, nicolae_dis_spooky_hallway
Dis:5:    layout_regular_city
Dis:6:    hangedman_dis_decor_blocks_talon, layout_regular_city,
          nicolae_dis_emergency_hatch
Dis:7:    iron_city_of_dis [dis_grunt, dis_wall_5], layout_gridville
Geh:1:    layout_gehenna_pools_triple, nicolae_geh_sunburst
Geh:2:    layout_gehenna_pools_triple, hangedman_elemental_grid_stream
Geh:3:    layout_gehenna_lava_caves
Geh:5:    layout_gehenna_lava_caves
Geh:6:    layout_gehenna_pools_triple
Geh:7:    geh_grunt_pentagon
Coc:1:    nicolae_hells_titanomachy
Coc:2:    layout_cocytus_water_paths
Coc:3:    layout_cocytus_delve
Coc:4:    layout_cocytus_water_paths
Coc:5:    layout_ice_bergs
Coc:6:    layout_ice_bergs
Coc:7:    coc_mu
Tar:1:    layout_grid_maze
Tar:2:    layout_catacombs
Tar:3:    layout_cathedral_of_symmetry
Tar:4:    nicolae_tar_fifth_circle, layout_cathedral_of_symmetry
Tar:5:    layout_cathedral_of_symmetry, nicolae_tar_grid_combs
Tar:6:    layout_catacombs, nicolae_tar_four_comb_rooms
Tar:7:    tar_old
Zot:1:    layout_twisted_circle
Zot:2:    ebering_klown_carousel, layout_twisted_circle, zot_minivault_1
Zot:3:    layout_cellular_growth
Zot:4:    layout_onion_interference, hellmonk_ghost_big_iron,
          st_small_dragon_hoard_5, st_stairs_1, kennysheep_underground_church
Zot:5:    layout_basic

Skill      XL: |  1  2  3  4  5  6  7  8  9 10 11 12 13 14 15 16 17 18 19 20 21 22 23 24 25 26 27 |
---------------+----------------------------------------------------------------------------------+-----
Fighting       | 3 4 5 6 8 10 12 14 15 17 18 22 | 22.0
Ranged Weapons | 5 6 7 9 14 17 19 20 21 22 27 | 27.0
Stealth        | 2 3 4 5 6 7 8 16 | 16.8
Armour         | 1 2 7 9 10 11 12 27 | 27.0
Dodging        | 2 5 6 10 12 14 16 19 22 23 | 23.1
Invocations    | 8 12 16 | 16.3
Throwing       | 5 9 10 13 14 16 22 | 22.0
Maces & Flails | 5 13 18 20 | 20.0
Evocations     | 14 | 14.0
Shields        | 25 | 25.0
Polearms       | 11 | 11.7

Action                     |  1- 3 |  4- 6 |  7- 9 | 10-12 | 13-15 | 16-18 | 19-21 | 22-24 | 25-27 || total
---------------------------+-------+-------+-------+-------+-------+-------+-------+-------+-------++-------
  Melee: Rapier            |    73 |    65 |   127 |       |       |       |       |       |       ||   265
         Punch             |       |     3 |     3 |       |       |       |       |       |     8 ||    14
         Great mace        |       |       |       |       |       |       |     6 |   279 |   623 ||   908
         Lajatang          |       |       |       |       |       |       |       |    92 |   500 ||   592
         Sacred scourge    |       |       |       |       |       |       |       |       |   430 ||   430
         Headbutt          |       |       |       |       |       |       |       |       |    13 ||    13
         Eveningstar       |       |       |       |       |       |       |       |       |     4 ||     4
   Fire: Shortbow          |    64 |   170 |    28 |       |       |       |       |       |       ||   262
         Orcbow            |       |       |   334 |   183 |       |       |       |       |       ||   517
         Arbalest          |       |       |       |   302 |   109 |       |       |       |       ||   411
         Longbow           |       |       |       |       |   876 |   839 |  1550 |  1428 |  6142 || 10835
         Heavy crossbow    |       |       |       |       |       |       |       |       |   776 ||   776
  Throw: Dart              |       |       |       |       |     1 |     2 |       |     4 |     4 ||    11
         Javelin           |       |       |       |       |       |       |    11 |    10 |   105 ||   126
         Throwing net      |       |       |       |       |       |       |       |     1 |       ||     1
 Invoke: Heroism           |       |       |       |     3 |     3 |     3 |     4 |     4 |    26 ||    43
         Receive Weapon    |       |       |       |       |     1 |       |       |       |       ||     1
         Receive Armour    |       |       |       |       |     1 |       |       |       |       ||     1
         Finesse           |       |       |       |       |     1 |       |     4 |     3 |    32 ||    40
         Duel              |       |       |       |       |       |       |       |       |     3 ||     3
  Evoke: Wand              |       |       |       |     3 |       |     3 |       |     2 |    20 ||    28
         Phial of floods   |       |       |       |       |     1 |       |       |     1 |       ||     2
         Condenser vane    |       |       |       |       |       |       |     1 |     1 |     8 ||    10
         Lightning rod     |       |       |       |       |       |       |       |     4 |       ||     4
    Use: Scroll            |       |       |    12 |     9 |    12 |     4 |     8 |     7 |    47 ||    99
         Potion            |       |       |       |     4 |       |     1 |     4 |     3 |    74 ||    86
   Stab: Sleeping          |       |     1 |     2 |       |       |       |       |       |     2 ||     5
         Distracted        |       |       |       |       |       |       |       |     1 |    17 ||    18
         Confused          |       |       |       |       |       |       |       |       |     1 ||     1
 Armour: Leather armour    |    65 |    91 |   111 |       |       |       |       |       |       ||   267
         Acid dragon scale |       |       |   149 |   192 |   124 |       |       |       |       ||   465
         Troll leather arm |       |       |       |       |    20 |   274 |   429 |    50 |       ||   773
         Robe              |       |       |       |       |       |       |       |   462 |  1261 ||  1723
         Plate armour      |       |       |       |       |       |       |       |       |  1691 ||  1691
         Skin              |       |       |       |       |       |       |       |       |    57 ||    57
  Dodge: Dodged            |    63 |    87 |   218 |   104 |   101 |   257 |   413 |   776 |  6141 ||  8160
  Block: Other             |       |       |       |       |       |       |    61 |   163 |   826 ||  1050
         Reflection        |       |       |       |       |       |       |    13 |    13 |    30 ||    56
         Tower shield      |       |       |       |       |       |       |       |       |   437 ||   437

Table legend: (Time is in decaauts)
 A = Elapsed time spent in this place.
 B = Non-inter-level travel time spent in this place.
 C = Inter-level travel time spent in this place.
 D = Time resting spent in this place.
 E = Time spent auto-exploring this place.
 F = Levels seen in this place.
 G = Mean time per level.
                   A        B        C        D        E       F      G
               +--------+--------+--------+--------+--------+-----+--------+
         Total |  88744 |  80672 |   8072 |  17117 |  39093 | 116 |  765.0 |
       Dungeon |  17426 |  14451 |   2975 |   2141 |   9247 |  15 | 1161.7 |
          Lair |   6745 |   5933 |    812 |   1391 |   3563 |   5 | 1349.0 |
         Swamp |   3174 |   3045 |    129 |    813 |   1578 |   4 |  793.5 |
   Spider Nest |   4871 |   4754 |    117 |    852 |   2852 |   4 | 1217.8 |
    Slime Pits |   1035 |    961 |     74 |    131 |    371 |   5 |  207.0 |
  Orcish Mines |   1676 |   1208 |    468 |     23 |    849 |   2 |  838.0 |
   Elven Halls |   4556 |   4356 |    200 |   1302 |   2494 |   3 | 1518.7 |
        Vaults |   7600 |   6372 |   1228 |    682 |   4054 |   5 | 1520.0 |
         Crypt |   3315 |   2979 |    336 |     24 |   2211 |   3 | 1105.0 |
          Tomb |    416 |    416 |      0 |    238 |     48 |   1 |  416.0 |
        Depths |   6036 |   5220 |    816 |    410 |   2948 |   4 | 1509.0 |
          Hell |    675 |    584 |     91 |     15 |    192 |   1 |  675.0 |
           Dis |   5693 |   5534 |    159 |   3221 |    229 |   7 |  813.3 |
       Gehenna |   1807 |   1744 |     63 |    333 |    367 |   6 |  301.2 |
       Cocytus |   3830 |   3661 |    169 |   1601 |    581 |   7 |  547.1 |
      Tartarus |   2853 |   2765 |     88 |   1227 |    590 |   7 |  407.6 |
           Zot |   5187 |   4846 |    341 |    966 |   2063 |   5 | 1037.4 |
         Abyss |   1065 |   1065 |      0 |    167 |    239 |   3 |  355.0 |
   Pandemonium |   7776 |   7776 |      0 |    747 |   4129 |  10 |  777.6 |
      Ziggurat |   1071 |   1071 |      0 |    266 |     31 |  12 |   89.2 |
         Trove |    264 |    264 |      0 |      0 |    117 |   1 |  264.0 |
         Sewer |    341 |    341 |      0 |      0 |    134 |   1 |  341.0 |
      Ice Cave |    798 |    798 |      0 |    356 |    153 |   1 |  798.0 |
        Wizlab |    473 |    473 |      0 |    194 |     51 |   1 |  473.0 |
         Arena |     50 |     50 |      0 |      9 |      0 |   3 |   16.7 |
               +--------+--------+--------+--------+--------+-----+--------+

Top non-repeatable levels by time:
   Dis:7: 3159 daAuts
   Elf:3: 3005 daAuts
   Zot:5: 1874 daAuts
    D:10: 1843 daAuts
  Lair:3: 1828 daAuts
     D:4: 1809 daAuts
   Coc:7: 1768 daAuts
Depths:2: 1734 daAuts
Vaults:2: 1716 daAuts
 Crypt:3: 1679 daAuts
     D:3: 1676 daAuts
Depths:4: 1653 daAuts
Vaults:4: 1574 daAuts
   Dis:3: 1552 daAuts
     D:2: 1549 daAuts
